Cogmind - Beta 16 @@@ ROGUE MODE // 2025.12.28 @ 15:26:04 // Winter2019/RPGLIKE Player: Gallgagger Result: Self-destructed Performance ------------- Evolutions (7) 3500 Regions Visited (31) 6200 Robots Destroyed (1572) 7860 Value Destroyed (80385) 80385 Prototype IDs (89) 1780 Alien Tech Used (2) 400 Bonus (70162) 70162 TOTAL SCORE: 170287 Bonus ------- Triggered High Security 3000 High Alert Combat Kills 32512 Follower Combat Kills 1113 Destroyed Unchained 2000 Met Data Miner 300 Destroyed Z-Imprinter 1000 Triggered Deep Caves Wall 500 Exposed GOLEM Chamber 500 Met Zhirov 300 MAIN.C Attacked Warlord 500 Warlord Defense Kills 29122 Friendly Fire -685 Cogmind --------- Core Integrity 708/1300 Matter 300/300 Energy 93/339 System Corruption 0% Temperature Cool (0) Movement Core (200) Ox3 Location -3/Research Parts ------- > --- POWER (2) -------- Micro Antimatter Reactor DM-Deuterium Reactor > --- PROPULSION (6) --- Hovering Antigrav-CIT Exoskeleton Cooled Antigrav System CL-0N3's Metamass Displacer > --- UTILITY (10) ----- Armored Scrap Engine Advanced Signal Interpreter Experimental Core Analyzer Experimental Armor Integrity Analyzer Advanced Particle Charger Advanced Kinecellerator Experimental Weapon Cycler Graphene Brace Advanced System Restoration Module > --- WEAPON (5) ------- Railgun Railgun Helical Railgun Hpw. EM Proton Construct/C > --- INVENTORY (5) ---- Experimental Cooling System Matter Filter Quantum Capacitor Compact HERF Cannon Peak State ------------ > --- POWER ------------ DM-Deuterium Reactor > --- PROPULSION ------- Hovering Antigrav-CIT Exoskeleton Cooled Antigrav System CL-0N3's Metamass Displacer > --- UTILITY ---------- Armored Scrap Engine Advanced Signal Interpreter Experimental Core Analyzer Experimental Armor Integrity Analyzer Advanced Particle Charger Advanced Kinecellerator Experimental Weapon Cycler Graphene Brace Advanced System Restoration Module > --- WEAPON ----------- Quantum Rifle Heavy Dispersion Rifle Railgun Helical Railgun Hpw. EM Proton Construct/C > --- INVENTORY -------- Experimental Cooling System Matter Filter Quantum Capacitor [Rating: 205] Favorites ----------- Power Constructs Engine Hybrid Deuterium Engine Power Core Light Nuclear Core Reactor Constructs Propulsion Zionite Glidesys II Wheel Wheel Hover Unit Zionite Glidesys II Flight Unit Improved Cesium-ion Thruster Utility Armored Scrap Engine Device Armored Scrap Engine Processor Experimental Armor Integrity Analyzer Protection Centrium Light Armor Plating Weapon Constructs Energy Gun Gatling Laser Energy Cannon Constructs Ballistic Gun Autogun Ballistic Cannon Compact Linear Accelerator Launcher Precision Grenade Launcher Special Weapon Molecular Deconstructor Slashing Weapon Plasma Sword Build | -11 -10 -10 -9 -9 -9 -7 -7 -7 -7 -7 -7 -7 -6 -6 -6 -6 -6 -6 -6 -5 -5 -5 -5 -5 -4 -4 -4 -4 -4 -3 -3 ------- Run | Yrd Mat Min Mat Sto Rec Fac Was Fac Low Low Zio Dee Pro Fac Was Fac Low Low Dat Pro Fac Upp Upp Zhi Pro Fac Upp Upp War Pro Res Slots Evolved 19 | 3 3 1 2 1 . 4 . . . . . . . 1 . 1 . . . . 2 . . . . 1 . . . . . Power 1 | . . . . . . 1 . . . . . . . . . . . . . . . . . . . . . . . . . Propulsion 5 | 1 1 . 1 . . 1 . . . . . . . . . . . . . . 1 . . . . . . . . . . Utility 9 | 1 1 1 1 . . 2 . . . . . . . . . 1 . . . . 1 . . . . 1 . . . . . Weapon 4 | 1 1 . . 1 . . . . . . . . . 1 . . . . . . . . . . . . . . . . . Parts Attached 167 | 8 7 3 8 5 7 14 . 15 1 . 5 21 . 9 1 6 . 1 2 1 14 1 . . . 5 . . 22 . 11 Power 11 | 1 1 1 1 1 . 1 . 2 . . . 2 . . . . . . . . . . . . . . . . . . 1 Engine 6 | 1 . 1 1 . . 1 . 2 . . . . . . . . . . . . . . . . . . . . . . . Core 1 | . 1 . . . . . . . . . . . . . . . . . . . . . . . . . . . . . . Reactor 4 | . . . . 1 . . . . . . . 2 . . . . . . . . . . . . . . . . . . 1 Propulsion 36 | 2 3 . 2 . 3 3 . 4 . . . 9 . 2 . 2 . . . . 2 . . . . 2 . . 2 . . Treads . | . . . . . . . . . . . . . . . . . . . . . . . . . . . . . . . . Leg . | . . . . . . . . . . . . . . . . . . . . . . . . . . . . . . . . Wheel 2 | 2 . . . . . . . . . . . . . . . . . . . . . . . . . . . . . . . Hover 31 | . 3 . 2 . 3 3 . 4 . . . 9 . 1 . 2 . . . . 1 . . . . 2 . . 1 . . Flight 3 | . . . . . . . . . . . . . . 1 . . . . . . 1 . . . . . . . 1 . . Utility 60 | 2 2 1 2 . 3 5 . 3 . . 2 7 . 4 1 3 . 1 2 . 11 1 . . . 3 . . 7 . . Device 44 | 2 2 1 . . 1 4 . 3 . . 2 4 . 4 . 2 . . 2 . 8 1 . . . 3 . . 5 . . Storage . | . . . . . . . . . . . . . . . . . . . . . . . . . . . . . . . . Processor 7 | . . . . . . . . . . . . . . . . 1 . 1 . . 3 . . . . . . . 2 . . Hackware . | . . . . . . . . . . . . . . . . . . . . . . . . . . . . . . . . Protection 9 | . . . 2 . 2 1 . . . . . 3 . . 1 . . . . . . . . . . . . . . . . Artifact . | . . . . . . . . . . . . . . . . . . . . . . . . . . . . . . . . Weapon 60 | 3 1 1 3 4 1 5 . 6 1 . 3 3 . 3 . 1 . . . 1 1 . . . . . . . 13 . 10 Energy Gun 21 | 2 . 1 1 2 1 2 . 3 . . . 3 . . . 1 . . . . . . . . . . . . 2 . 3 Energy Cannon 12 | . . . . 2 . 1 . 2 1 . . . . 2 . . . . . . . . . . . . . . 1 . 3 Ballistic Gun 18 | 1 1 . 2 . . 2 . . . . . . . . . . . . . . 1 . . . . . . . 8 . 3 Ballistic Cannon 4 | . . . . . . . . 1 . . 1 . . . . . . . . . . . . . . . . . 1 . 1 Launcher 3 | . . . . . . . . . . . 2 . . . . . . . . . . . . . . . . . 1 . . Special Weapon 1 | . . . . . . . . . . . . . . . . . . . . 1 . . . . . . . . . . . Impact Weapon . | . . . . . . . . . . . . . . . . . . . . . . . . . . . . . . . . Slashing Weapon 1 | . . . . . . . . . . . . . . 1 . . . . . . . . . . . . . . . . . Piercing Weapon . | . . . . . . . . . . . . . . . . . . . . . . . . . . . . . . . . Special Melee Weapon . | . . . . . . . . . . . . . . . . . . . . . . . . . . . . . . . . Unidentified Prototypes 72 | . . 1 2 5 4 5 . 5 . . 1 11 . 6 . 3 . . 1 1 5 . . 2 . 2 . . 14 . 4 Parts Lost 8 | . . . . . . 1 . 1 . . . 1 . 1 . . . . . . . . . . . . . . 3 . 1 Power 2 | . . . . . . . . 1 . . . . . . . . . . . . . . . . . . . . . . 1 Propulsion 2 | . . . . . . . . . . . . 1 . . . . . . . . . . . . . . . . 1 . . Utility 1 | . . . . . . . . . . . . . . 1 . . . . . . . . . . . . . . . . . Weapon 3 | . . . . . . 1 . . . . . . . . . . . . . . . . . . . . . . 2 . . Highest Loss Streak 1 | . . . . . . 1 . 1 . . . 1 . 1 . . . . . . . . . . . . . . 1 . 1 To Critical Strikes . | . . . . . . . . . . . . . . . . . . . . . . . . . . . . . . . . Average Backups 2 | . . . . 3 1 1 2 3 3 3 3 2 1 1 1 2 3 3 3 4 2 2 2 2 2 2 2 2 2 3 3 Power . | . . . . . . . . . . . . . . . . . . . . . . . . . . . . . . . . Propulsion . | . . . . . . . . . . . . . . . . 1 2 2 2 1 . . . . . . . . . . . Utility 1 | . . . . 1 . . 1 1 2 2 2 1 . . . . 1 1 1 2 1 2 2 2 2 2 2 2 2 3 3 Weapon . | . . . . 2 1 1 1 1 1 1 1 1 1 . . . . . . . 1 . . . . . . . . . . Tool/Special . | . . . . . . . . . . . . . . . . . . . . . . . . . . . . . . . . Unused Backups 34 | . . . . 1 1 8 . 5 1 3 . 4 . 1 1 3 . . . . . . . . . . . . 3 . 3 Power . | . . . . . . . . . . . . . . . . . . . . . . . . . . . . . . . . Propulsion 1 | . . . . . . . . . . . . . . . 1 . . . . . . . . . . . . . . . . Utility 7 | . . . . . . . . . . . . 3 . 1 . 3 . . . . . . . . . . . . . . . Weapon 26 | . . . . 1 1 8 . 5 1 3 . 1 . . . . . . . . . . . . . . . . 3 . 3 Tool/Special . | . . . . . . . . . . . . . . . . . . . . . . . . . . . . . . . . Average Slot Usage (%) 72 | . 99 90 91 92 80 75 83 80 72 70 69 70 66 72 69 72 75 75 75 75 63 63 63 62 62 64 69 69 64 76 72 Engine 1 | . 1 . . . . 2 5 7 11 11 11 4 . . . . . . . . . . . . . . . . . . . Reactor 3 | . . . . . 7 5 5 2 . . . 4 5 5 5 5 5 5 5 5 4 4 4 4 4 4 4 4 4 4 4 Hover 22 | . 28 27 28 29 28 28 27 27 27 27 27 26 27 25 26 25 25 25 25 25 15 13 13 13 13 14 17 17 14 13 13 Device 25 | . 28 27 23 14 11 17 27 22 16 16 17 23 22 29 29 32 35 34 35 35 28 27 27 26 26 27 30 30 24 26 26 Processor 3 | . . . . . . . . . . . . . . . . . . . . . 4 9 9 9 9 8 8 8 11 13 13 Protection 2 | . . . 7 14 12 5 5 5 5 5 3 1 5 . . . . . . . . . . . . . . . . . . Energy Gun 2 | . 11 9 9 16 12 . . 3 5 3 . . . . . . . . . . . . . . . . . . . . 1 Energy Cannon 3 | . . . . . . 2 . 8 5 5 5 5 5 9 8 8 10 10 10 7 2 . . . . . . . . . . Ballistic Gun 3 | . 19 18 13 7 7 6 5 . . . . . . . . . . . . . . . . . . . . . . 19 14 Ballistic Cannon 1 | . . . . . . 3 5 1 . . . . . . . . . . . . 1 4 4 4 4 4 4 4 2 . . Special Weapon 1 | . . . . . . . . . . . . . . . . . . . . 2 3 4 4 4 4 4 4 4 3 . . Peak Build Rating 205 | 9 14 27 37 36 75 91 88 113 113 114 114 122 114 138 138 140 138 139 145 141 169 170 170 170 170 194 194 194 202 198 205 Average Rating 126 | 5 11 24 33 31 58 82 88 101 107 112 110 109 114 132 126 129 138 138 138 140 158 169 170 169 169 180 194 194 185 195 193 On Entrance 118 | . 9 12 27 30 36 72 88 88 106 113 109 108 114 114 115 133 138 138 138 141 141 168 170 170 170 170 194 194 194 197 192 Avg Prop Armor Cover (%) 3 | . 3 . . . . 2 . . . . . . . . . . . . . . 10 . . . . 4 4 4 3 . . Naked Turns . | . . . . . . . . . . . . . . . . . . . . . . . . . . . . . . . . Heaviest Build 100 | 11 14 28 36 45 47 54 46 50 43 43 46 50 49 67 100 63 63 63 64 64 52 53 53 53 53 57 54 54 65 64 68 Greatest Support 110 | 31 31 33 40 40 51 67 67 73 60 60 60 89 89 89 89 89 79 79 79 79 83 81 81 81 81 83 83 83 110 110 110 Greatest Overweight (x) 2 | . . . . 1 1 1 . 1 . . . . . . 1 . . . . . 1 . . . . . . . 2 . 1 Average Overweight (x) . | . . . . . . . . . . . . . . . . . . . . . . . . . . . . . . . . Largest Inventory Capacity 5 | 2 2 3 4 4 4 4 4 4 4 4 4 4 4 4 5 5 5 5 5 5 5 5 5 5 5 5 5 5 5 5 5 Average Capacity 4 | 2 2 2 3 4 4 4 4 4 4 4 4 4 4 4 4 5 5 5 5 5 5 5 5 5 5 5 5 5 5 5 5 Most Carried 5 | . 2 3 4 4 4 4 2 4 4 4 3 4 4 4 4 5 5 5 5 5 5 5 5 5 5 5 5 5 5 5 5 Average Carried 3 | . 1 2 3 4 2 1 2 3 3 3 3 3 4 3 2 3 5 5 4 4 3 4 5 5 5 4 4 5 3 4 4 Final Capacity 5 | 2 2 3 4 4 4 4 4 4 4 4 4 4 4 4 5 5 5 5 5 5 5 5 5 5 5 5 5 5 5 5 5 Final Carried 5 | . 2 3 4 4 . 2 2 3 4 3 3 4 4 4 1 5 5 5 5 5 3 5 5 5 5 5 5 5 4 5 5 Scrap Engine Consumption 135 | . . . . . 15 20 1 13 3 3 . 14 . . . . . . . . 10 . . . . 3 . . 36 2 15 Constructs Created 7 | . . . . . 1 . . . . . . 1 . . . . . . . . 1 . . . . 1 . . 2 . 1 Constructs Modified 58 | . . . . . 5 10 . 7 1 1 . 8 . . . . . . . . 4 . . . . . . . 15 . 7 Class Distribution -------------------- 35% | Scavenger-Gunner 18% | Scavenger-Sprinter 15% | Scavenger-Construct 12% | Scavenger-Scout 7% | Gunner 3% | Tank 3% | Scavenger-Tank Dominant Class ---------------- Gunner | -10/Materials Gunner | -10/Mines Gunner | -9/Materials Tank | -9/Storage Tank | -9/Recycling Scavenger-Gunner | -7/Factory Scavenger-Gunner | -7/Waste Scavenger-Scout | -7/Factory Scavenger-Scout | -7/Lower Caves Scavenger-Scout | -7/Lower Caves Scavenger-Scout | -7/Zion Scavenger-Gunner | -7/Deep Caves Scavenger-Gunner | -6/Proximity Caves Scavenger-Gunner | -6/Factory Scavenger-Gunner | -6/Waste Scavenger-Gunner | -6/Factory Scavenger-Gunner | -6/Lower Caves Scavenger-Gunner | -6/Lower Caves Scavenger-Gunner | -6/Data Miner Scavenger-Gunner | -5/Proximity Caves Scavenger-Construct | -5/Factory Scavenger-Construct | -5/Upper Caves Scavenger-Construct | -5/Upper Caves Scavenger-Construct | -5/Zhirov Scavenger-Construct | -4/Proximity Caves Scavenger-Gunner | -4/Factory Scavenger-Sprinter | -4/Upper Caves Scavenger-Sprinter | -4/Upper Caves Scavenger-Sprinter | -4/Warlord Scavenger-Sprinter | -3/Proximity Caves Scavenger-Sprinter | -3/Research Resources | -11 -10 -10 -9 -9 -9 -7 -7 -7 -7 -7 -7 -7 -6 -6 -6 -6 -6 -6 -6 -5 -5 -5 -5 -5 -4 -4 -4 -4 -4 -3 -3 ----------- Run | Yrd Mat Min Mat Sto Rec Fac Was Fac Low Low Zio Dee Pro Fac Was Fac Low Low Dat Pro Fac Upp Upp Zhi Pro Fac Upp Upp War Pro Res Matter Collected 7128 | 287 499 100 528 286 162 171 . 332 39 21 67 376 . 153 . 211 20 20 50 30 205 30 . . 50 40 40 . 694 382 2335 Remotely . | . . . . . . . . . . . . . . . . . . . . . . . . . . . . . . . . Salvage Created 86743 | 74 992 241 1321 1328 1684 3065 . 4120 1048 676 2474 6461 1057 4344 . 7697 1229 1079 308 805 9312 696 487 202 1063 10940 1100 763 14303 1597 6277 Parts 4116 | 3 78 11 91 91 65 181 . 326 32 56 165 130 65 276 . 390 47 66 26 80 483 27 19 3 34 374 35 29 529 69 335 Haulers Intercepted 40 | . 1 . 5 5 . 6 . 1 . . . . . 4 . 4 . . . . 3 . . . . 5 . . . . 6 Recyclers Shooed 10 | . 1 1 . . 1 . . 3 . . . . . . . 1 . . . . 1 . . . . 1 . . . . 1 Parts Field Recycled . | . . . . . . . . . . . . . . . . . . . . . . . . . . . . . . . . Retrieved Matter . | . . . . . . . . . . . . . . . . . . . . . . . . . . . . . . . . Parts Self-Destructed 530 | . . . . . . . . . 13 41 . . 65 . . . 47 68 . 80 . 23 21 3 34 . 34 34 . 67 . Prevented 20 | . . . . . . . . . 16 4 . . . . . . . . . . . . . . . . . . . . . Parts Restored . | . . . . . . . . . . . . . . . . . . . . . . . . . . . . . . . . Kills | -11 -10 -10 -9 -9 -9 -7 -7 -7 -7 -7 -7 -7 -6 -6 -6 -6 -6 -6 -6 -5 -5 -5 -5 -5 -4 -4 -4 -4 -4 -3 -3 ------- Run | Yrd Mat Min Mat Sto Rec Fac Was Fac Low Low Zio Dee Pro Fac Was Fac Low Low Dat Pro Fac Upp Upp Zhi Pro Fac Upp Upp War Pro Res Combat Hostiles Destroyed 1421 | . 33 3 27 27 10 64 . 75 16 14 11 105 17 69 . 107 19 20 4 17 148 20 9 . 21 162 27 17 272 22 85 Melee 1 | . . . . . . . . . . . . . . . . . . . . . . . . . . . . . 1 . . Guns 206 | . 33 3 27 23 10 . . . . . . . . . . . . . . . . . . . . . . . 5 22 83 Cannons 1088 | . . . . . . 56 . 68 10 14 9 38 17 69 . 107 19 20 4 17 143 20 9 . 20 155 27 16 248 . 2 AOE 60 | . . . . 4 . 7 . 4 3 . 2 30 . . . . . . . . 5 . . . . 3 . . 2 . . Classes Destroyed 42 | 2 4 . 3 3 4 6 . 1 1 2 3 4 . 1 . 1 1 . . . . . 1 . . 2 . . 3 . . Worker 49 | . . . . 1 . 8 . 6 . . . . . 8 . 7 . . . . 7 . . . . 5 . . . . 7 Builder 23 | . . . . . . 1 . 1 . . . . . 2 . 1 . . . . 2 . . . . 2 . . . . 14 Tunneler 8 | 1 . 1 2 . . 2 . . . . . . . 1 . . . . . . . . . . . . . . . . 1 Hauler 40 | . 1 . 5 5 . 6 . 1 . . . . . 4 . 4 . . . . 3 . . . . 5 . . . . 6 Recycler 42 | 1 2 1 2 1 13 3 . 3 . . . . . 1 . 3 . . . . 7 . . . . 4 . . . . 1 Carrier 6 | . . . . . . . . . . . . . . . . . . . . . . . . . . 6 . . . . . Minesweeper 1 | . . . . . . . . . . . . . . . . . 1 . . . . . . . . . . . . . . Mechanic 13 | . . . . . . 1 . . . . . . . 1 . 3 . . . . 2 . . . . 3 . . 2 . 1 Operator 9 | . . . 1 . . . . 3 . . . . . 1 . 1 . . . . 1 . . . . 2 . . . . . Drone 2 | . . . . . . . . 1 . . . . . . . . . . . . . . . . . . . . . 1 . Turret 25 | . . . . . . . . . . . . . . . . 25 . . . . . . . . . . . . . . . Watcher 26 | . . . 1 1 . 2 . 3 . . . . . 4 . 2 . . . . 2 . . . . 8 . . . . 3 Swarmer 152 | . 6 . 9 6 . 13 . 3 4 2 . . 1 15 . 2 . 1 . 5 4 5 2 . 2 9 15 4 26 2 16 Saboteur 33 | . . . . . . . . . . . . . . 1 . 4 . . . . 3 . . . . 6 . . 18 . 1 Grunt 539 | . 25 3 11 10 . 27 . 33 8 6 . . 9 24 . 48 13 11 . 4 58 8 6 . 9 72 6 9 103 8 28 Brawler 73 | . . . . 1 . 2 . 3 2 . . . 4 3 . 12 3 1 . . 10 1 1 . 3 7 . . 15 2 3 Duelist 64 | . . . . . . 3 . 5 . 3 . . . 3 . 9 1 3 . . 11 . . . 1 15 . . 6 1 3 Protector 43 | . . . . 1 1 2 . 1 . . . . 1 4 . 5 . . . . 8 . . . . 8 . . 11 1 . Sentry 92 | . . . 7 9 2 5 . 9 1 1 . . 1 4 . 11 2 2 . 1 8 1 . . 2 10 2 1 . 2 11 Demolisher 3 | . . . . . 1 . . . . . . . . . . . . . . . . . . . . . . . 2 . . Specialist 19 | . . . . . . 4 . 7 . . . . . 1 . . . . . 3 . . . . . . . . 4 . . Hunter 91 | . . . . . . 3 . 8 . . . . . 6 . 9 . 2 . 2 24 . . . 2 16 . 2 6 . 11 Programmer 85 | . . . . . 2 5 . 4 . 1 . . . 7 . 5 . . . 1 20 . . . 2 12 3 1 10 4 8 Heavy 10 | . . . . . . 1 . 1 . . . . . 1 . 1 . . . . 1 . . . . 4 . . . . 1 Behemoth 10 | . . . . . . . . . . 1 . . 1 . . 1 . . . 1 . 1 . . . . . . 2 1 2 Enhanced Grunt 4 | . . . . . . . . . . . . . . . . . . . 4 . . . . . . . . . . . . Striker 12 | . . . . . . . . . . . . . . . . . . . . . . . . . . . . . 12 . . Executioner 12 | . . . . . . . . . . . . . . . . . . . . . . . . . . . . . 11 . 1 Alpha 7 2 | . . . . . . . . . . . . . . . . . . . . . . . . . . 2 . . . . . Subdweller 2 | . 2 . . . . . . . . . . . . . . . . . . . . . . . . . . . . . . Scientist 2 | . . . . . 2 . . . . . . . . . . . . . . . . . . . . . . . . . . Scrapper 3 | . . . . . 3 . . . . . . . . . . . . . . . . . . . . . . . . . . Zionite 48 | . . . . . . . . . . . 48 . . . . . . . . . . . . . . . . . . . . Z-Light 11 | . . . . . . . . . . . . 11 . . . . . . . . . . . . . . . . . . . Samaritan 1 | . . . . . . . . . . . . . . . . . . . . . . . 1 . . . . . . . . Tinkerer 11 | . . . . . . . . . . . 6 . . . . . . . . . . . . . . . . . 5 . . Thief 1 | . . . . . . . . . 1 . . . . . . . . . . . . . . . . . . . . . . Assembler 2 | . . . . . . . . . . . . 2 . . . . . . . . . . . . . . . . . . . Assembled 47 | . . . . . . . . . . . . 47 . . . . . . . . . . . . . . . . . . . Golem 46 | . . . . . . . . . . . . 46 . . . . . . . . . . . . . . . . . . . Surgeon 2 | . . . . . . . . . . . 1 . . . . . . . . . . . . . . . . . 1 . . Wasp 1 | . . . . . . . . . . . . . . . . 1 . . . . . . . . . . . . . . . Thug 20 | . . . . . . . . . . . 3 . . . . 1 . . . . . 1 . . . . . . 15 . . Savage 6 | . . . . . . . . . . . . . . . . . . . . . . 3 . . . . . . 3 . . Butcher 4 | . . . . . . . . . . . 2 . . . . . . . . . . . . . . . . . 2 . . Bouncer 8 | . . . . . . . . . . . . . . . . . . . . . . . . . . . . . 8 . . Martyr 2 | . . . . . . . . . . . 1 . . . . . . . . . . . . . . . . . 1 . . Marauder 4 | . . . . . . . . . . . 2 . . . . . . . . . . . . . . . . . 2 . . Fireman 1 | . . . . . . . . . . . 1 . . . . . . . . . . . . . . . . . . . . Mutant 14 | . . . . . . . . . . 1 2 . . . . . . . . . . . . . . . 1 . 10 . . Commander 1 | . . . . . . . . . . . . . . . . . . . . . . . . . . . . . 1 . . Knight 2 | . . . . . . . . . . . . . . . . . . . . . . . . . . . . . 2 . . Best Kill Streak 63 | 2 4 2 6 7 6 13 . 12 3 12 14 63 7 16 . 38 7 6 4 9 41 7 5 . 9 60 13 7 36 7 17 Combat Bots Only 61 | . 4 2 5 5 4 8 . 11 3 12 3 61 7 13 . 16 7 6 4 9 41 7 5 . 9 58 13 7 36 7 11 Max Kills in Single Turn 12 | 1 2 1 3 5 2 8 . 2 1 1 1 6 1 3 . 12 1 1 1 1 6 1 2 . 2 5 2 2 2 2 5 Gunslinging 2 | . 1 . 2 1 . . . . . . . . . . . . . . . . . . . . . . . . . 1 2 Exploded 6 | . . . . 4 . 6 . 2 1 . 1 6 . . . . . . . . 4 . . . . 2 . . 1 . . Melee 1 | . . . . . . . . . . . . . . . . . . . . . . . . . . . . . 1 . . Uniques/NPCs Destroyed 6 | . . . . . 1 . . . . . . 1 . . . . . . . . 1 . . . . 1 . . 2 . . KN-7UR (-9/Recycling) Z-Imprinter (-7/Deep Caves) DW-4LL (-5/Factory) CL-0N3 (-4/Factory) Fake God Mode (-4/Warlord) Warlord (-4/Warlord) Combat | -11 -10 -10 -9 -9 -9 -7 -7 -7 -7 -7 -7 -7 -6 -6 -6 -6 -6 -6 -6 -5 -5 -5 -5 -5 -4 -4 -4 -4 -4 -3 -3 -------- Run | Yrd Mat Min Mat Sto Rec Fac Was Fac Low Low Zio Dee Pro Fac Was Fac Low Low Dat Pro Fac Upp Upp Zhi Pro Fac Upp Upp War Pro Res Hostile Shots Fired 3597 | . 80 9 67 45 104 228 . 439 43 51 177 121 48 180 . 313 22 30 21 46 488 13 5 . 31 238 18 25 414 31 310 Missed 1456 | . 25 1 18 16 17 101 . 195 23 17 87 54 22 76 . 137 10 11 5 16 185 6 4 . 11 108 7 8 171 17 108 Hits 2141 | . 55 8 49 29 87 127 . 244 20 34 90 67 26 104 . 176 12 19 16 30 303 7 1 . 20 130 11 17 243 14 202 Melee 21 | . . . . . . . . 2 1 . 1 1 . . . 1 . . . . 6 . . . . . . . 8 1 . Projectile 2120 | . 55 8 49 29 87 127 . 242 19 34 89 66 26 104 . 175 12 19 16 30 297 7 1 . 20 130 11 17 235 13 202 AOE 10 | . . . . . 1 . . 2 . . 2 . . . . 1 . . . . . . . . . . . . 4 . . Critical Strikes 74 | . . . . . 1 1 . . . . 2 . 1 7 . 10 . 1 . . 8 . . . 1 8 . . 9 1 24 Actively Blocked 67 | . . . . . . . . . . . . . . 5 . 10 . 1 . . 8 . . . 1 8 . . 9 1 24 Part Disruptions 10 | . . . . . . . . . . . . . . . . . . . . . . . . . . . . . 10 . . Damage Taken 38220 | . 611 96 645 461 1245 1855 . 3350 300 683 1081 1817 600 1795 . 3255 138 290 692 598 4593 160 18 . 380 2654 184 302 5904 358 4155 Core 29470 | . 492 77 447 275 757 1386 . 2446 209 492 820 1466 366 1356 . 2573 106 238 583 468 3651 125 14 . 298 2090 149 239 4704 284 3359 Absorbed by Shields 184 | . . . . . . 146 . 32 . . . . . . . . . . . . . . . . . 6 . . . . . Redirected to Core 26269 | . 381 61 447 228 664 1227 . 2208 180 423 694 1297 366 1196 . 2373 106 174 414 454 3300 125 14 . 284 1970 116 220 4260 261 2826 Ignored by Resistances 26 | . . . . . . . . . . . 26 . . . . . . . . . . . . . . . . . . . . Regen/Repaired (Parts) 425 | . . . . . . 39 . 109 26 35 . . . . . . . . . . 33 . . . . . . . 158 . 25 Core Remaining (%) 85 | 100 . 100 . . 17 . . . . . . . 94 . . . . . . 100 . . . . 100 . . . . 88 . Volleys Fired 3360 | 11 72 10 69 49 56 198 10 291 46 38 219 230 37 165 . 278 40 38 37 36 326 31 15 3 42 297 36 22 476 31 151 Largest 5 | 2 3 3 3 4 4 2 1 2 1 2 1 1 1 1 . 1 1 1 1 1 2 1 1 1 1 1 1 1 2 5 5 Hottest 264 | 70 90 103 136 204 215 245 77 100 79 159 79 161 161 161 . 161 161 161 161 161 161 161 161 161 161 161 161 161 161 176 264 Shots Fired 4310 | 22 191 30 202 150 105 200 10 290 46 40 219 230 37 165 . 278 40 38 37 36 328 31 15 3 42 297 36 22 478 148 544 Gun 1445 | 22 191 30 202 149 103 2 . 2 . 2 . . . . . . . . . . . . . . . . . . 54 148 540 Cannon 2832 | . . . . 1 2 198 10 288 46 38 219 223 37 165 . 278 40 38 37 36 326 31 15 3 42 297 36 22 400 . 4 Launcher 7 | . . . . . . . . . . . . 7 . . . . . . . . . . . . . . . . . . . Special 26 | . . . . . . . . . . . . . . . . . . . . . 2 . . . . . . . 24 . . Kinetic 1240 | 11 121 20 123 49 18 113 . 168 . . . . . . . . . . . . . . . . . . . . 5 148 464 Thermal 1689 | 11 70 10 66 50 55 86 . 76 2 40 219 59 . 1 . 16 . . . . 88 31 15 3 42 297 36 22 339 . 55 Explosive 7 | . . . . . . . . . . . . 7 . . . . . . . . . . . . . . . . . . . Electromagnetic 371 | . . . 13 51 32 1 10 46 44 . . 102 . . . . . . . . . . . . . . . . 47 . 25 Entropic 63 | . . . . . . . . . . . . . . . . . . . . . . . . . . . . . 63 . . Phasic 914 | . . . . . . . . . . . . 62 37 164 . 262 40 38 37 36 238 . . . . . . . . . . Robot Hit Streak 48 | 6 24 17 14 13 28 23 10 32 22 22 31 48 24 20 . 28 17 12 14 30 26 16 10 8 16 36 18 17 28 26 34 Robot Miss Streak 5 | 3 3 2 4 2 2 4 2 4 5 3 5 3 1 4 . 5 1 2 1 2 4 4 3 . 5 5 2 1 4 2 5 Penetration Max 2 | . . . . . 1 1 . 1 . . . . . . . . . . . . . . . . . . . . 1 2 2 Secondary Targets 40 | . 2 . 7 5 1 . . . . . . . . . . . . . . . . . . . . . . . . 3 22 Max Gunslinging Chain 2 | . 1 . 2 1 1 . . . . . . . . . . . . . . . . . . . . . . . . 1 2 Capacitor 107 | . . . . . . . . . . . . . . . . . . . . . . . . . . . . . 107 . . Shots Hit Robots 3491 | 15 141 21 127 93 84 172 10 258 39 38 170 189 37 154 . 242 40 36 21 35 281 28 10 3 26 276 32 22 405 93 393 Core Hits 2350 | 3 55 8 52 54 80 122 5 244 31 25 75 260 23 92 . 167 19 21 11 20 197 17 6 1 14 163 19 11 294 49 212 Critical Kills 9 | . 2 . . . . . . . . . . . . . . . . . . . . . . . . . . . . 2 5 Critical Parts Destroyed 15 | . . . . . . . . . . . . . . . . . . . . . . . . . . . . . 8 2 5 Critical Strikes 122 | 1 4 2 . . 1 . . 1 . . . 2 3 10 . 14 2 1 2 1 15 1 . . 4 11 1 1 31 4 10 Burn 6 | 1 2 2 . . 1 . . . . . . . . . . . . . . . . . . . . . . . . . . Destroy 16 | . 2 . . . . . . . . . . . . . . . . . . . . . . . . . . . . 4 10 Blast 1 | . . . . . . . . 1 . . . . . . . . . . . . . . . . . . . . . . . Detonate 8 | . . . . . . . . . . . . . . . . . . . . . . . . . . . . . 8 . . Sunder 6 | . . . . . . . . . . . . . . . . . . . . . . . . . . . . . 6 . . Intensify 85 | . . . . . . . . . . . . 2 3 10 . 14 2 1 2 1 15 1 . . 4 11 1 1 17 . . Melee Attacks . | . . . . . . . . . . . . . . . . . . . . . . . . . . . . . . . . Impact . | . . . . . . . . . . . . . . . . . . . . . . . . . . . . . . . . Slashing . | . . . . . . . . . . . . . . . . . . . . . . . . . . . . . . . . Piercing . | . . . . . . . . . . . . . . . . . . . . . . . . . . . . . . . . Sneak Attacks . | . . . . . . . . . . . . . . . . . . . . . . . . . . . . . . . . Combat Hostiles . | . . . . . . . . . . . . . . . . . . . . . . . . . . . . . . . . Follow-up Attacks . | . . . . . . . . . . . . . . . . . . . . . . . . . . . . . . . . Damage Inflicted 288965 | 210 1849 287 2153 2216 1807 10045 37 11171 1427 2744 8785 15271 2834 12030 . 22978 3094 2491 1683 2776 30667 4459 1295 675 4406 50018 4963 4431 59949 3888 18326 Guns 30606 | 210 1849 287 2153 1867 1684 19 . 16 . 62 . . . . . . . . . . . . . . . . . . 742 3888 17829 Cannons 242302 | . . . . . . 8388 37 9506 1281 2358 8424 12583 2834 11663 . 20207 3094 2491 1683 2776 28055 4459 1295 675 4406 48066 4963 4431 58489 . 138 Explosions 15698 | . . . . 349 123 1638 . 1649 146 324 361 2688 . 367 . 2771 . . . . 2612 . . . . 1952 . . 718 . . Melee . | . . . . . . . . . . . . . . . . . . . . . . . . . . . . . . . . Ramming 359 | . . . . . . . . . . . . . . . . . . . . . . . . . . . . . . . 359 Kinetic 32154 | 95 1136 198 1185 398 130 4290 . 4774 . . . . . . . . . . . . . . . . . . . . . 3888 16060 Thermal 169334 | 115 713 89 709 861 1256 5725 . 4426 146 2653 8785 3385 . 367 . 2964 . . . . 12838 4459 1295 675 4406 49093 4963 4431 53553 . 1427 Explosive 4233 | . . . . . . . . 694 . . . 2614 . . . . . . . . . . . . . 925 . . . . . Electromagnetic 11932 | . . . 259 957 421 30 37 1277 1281 91 . 6531 . . . 64 . . . . . . . . . . . . 504 . 480 Impact . | . . . . . . . . . . . . . . . . . . . . . . . . . . . . . . . . Slashing . | . . . . . . . . . . . . . . . . . . . . . . . . . . . . . . . . Piercing . | . . . . . . . . . . . . . . . . . . . . . . . . . . . . . . . . Entropic 5892 | . . . . . . . . . . . . . . . . . . . . . . . . . . . . . 5892 . . Phasic 65061 | . . . . . . . . . . . . 2741 2834 11663 . 19950 3094 2491 1683 2776 17829 . . . . . . . . . . Highest Corruption 10 | . . . . . . 2 9 10 4 5 5 . . 2 2 3 . . . 1 3 . . . . 3 1 1 4 . 2 Average Corruption 3 | . . . . . . 1 7 6 4 4 5 . . 1 2 2 . . . 1 1 . . . . 1 1 1 1 . 1 Corruption Purged 45 | . . . . . . . . 12 . . . . . . . 3 . . . 1 8 . . . . 6 1 2 7 . 5 Corruption Blocked . | . . . . . . . . . . . . . . . . . . . . . . . . . . . . . . . . Effects 126 | . . . . . . 11 5 43 15 16 1 . . 2 4 23 . . . 1 2 . . . . 1 . . 2 . . Message Errors 25 | . . . . . . 2 1 4 4 7 . . . . . 5 . . . . 1 . . . . . . . 1 . . Matter Fused 32 | . . . . . . 2 2 13 4 3 1 . . 1 1 4 . . . . 1 . . . . . . . . . . Heat Flow Errors 15 | . . . . . . 2 . 5 . 2 . . . . 1 5 . . . . . . . . . . . . . . . Energy Discharges 19 | . . . . . . 2 . 8 2 . . . . 1 1 3 . . . 1 . . . . . . . . 1 . . Parts Rejected 1 | . . . . . . . . 1 . . . . . . . . . . . . . . . . . . . . . . . Parts Fused 1 | . . . . . . . . . . . . . . . . 1 . . . . . . . . . . . . . . . Data Loss (minor) 18 | . . . . . . 1 . 6 4 3 . . . . 1 2 . . . . . . . . . 1 . . . . . Data Loss (major) 8 | . . . . . . 2 2 2 1 . . . . . . 1 . . . . . . . . . . . . . . . Misfires 3 | . . . . . . . . 1 . 1 . . . . . 1 . . . . . . . . . . . . . . . Weapon Failures 4 | . . . . . . . . 3 . . . . . . . 1 . . . . . . . . . . . . . . . Overload Shots . | . . . . . . . . . . . . . . . . . . . . . . . . . . . . . . . . Overflow Damage 28919 | . . . . 18 . 702 . 356 4 84 499 559 47 855 . 1316 177 154 35 129 2896 635 380 266 1279 9267 1250 970 6977 . 64 Projectiles 26807 | . . . . . . 347 . 113 4 84 499 306 47 720 . 1178 177 154 35 129 2330 635 380 266 1279 8989 1250 970 6915 . . Explosions 2048 | . . . . 18 . 355 . 243 . . . 253 . 135 . 138 . . . . 566 . . . . 278 . . 62 . . Melee 64 | . . . . . . . . . . . . . . . . . . . . . . . . . . . . . . . 64 Knockbacks 115 | . . . . . . 50 . 62 . . . . . . . . . . . . . . . . . . . . . . 3 Impact 3 | . . . . . . . . . . . . . . . . . . . . . . . . . . . . . . . 3 Kinetic 104 | . . . . . . 45 . 59 . . . . . . . . . . . . . . . . . . . . . . . Secondary 8 | . . . . . . 5 . 3 . . . . . . . . . . . . . . . . . . . . . . . Self-Inflicted Damage 425 | . . . . 94 56 . . 44 . . 44 30 . . . 83 . . . . . . . . . 74 . . . . . Shots 9 | . . . . 3 1 . . 1 . . 1 1 . . . 1 . . . . . . . . . 1 . . . . . Rammed 9 | . . . . . . . . . . . . . . . . . . . . . . . . . . . . . . . 9 Targets Rammed 11 | . . . . . . . . . . . . . . . . . . . . . . . . . . . . . . . 11 Kicked . | . . . . . . . . . . . . . . . . . . . . . . . . . . . . . . . . Crushed 2 | . . . . . . . . . . . . . . . . . . . . . . . . . . . . . . . 2 Highest Temperature 518 | 8 2 6 105 84 309 272 . 179 . 122 8 195 84 199 69 380 147 141 132 156 382 135 126 44 144 81 99 90 518 . 70 Average Temperature 50 | 8 2 4 35 17 58 68 . 28 . 23 5 32 47 64 69 66 65 63 63 74 70 57 56 29 42 36 40 37 32 . 54 Received Heat Transfer 6141 | . 258 54 189 108 625 323 . 697 93 135 72 386 141 267 . 717 45 84 . 81 567 36 . . 54 387 21 45 366 27 363 Effects 1 | . . . . . . . . . . . . . . . . . . . . . . . . . . . . . 1 . . Interference 1 | . . . . . . . . . . . . . . . . . . . . . . . . . . . . . 1 . . Siege Activations . | . . . . . . . . . . . . . . . . . . . . . . . . . . . . . . . . Martial Activations . | . . . . . . . . . . . . . . . . . . . . . . . . . . . . . . . . Shielding Activations . | . . . . . . . . . . . . . . . . . . . . . . . . . . . . . . . . Robots Disrupted . | . . . . . . . . . . . . . . . . . . . . . . . . . . . . . . . . Combat Hostiles . | . . . . . . . . . . . . . . . . . . . . . . . . . . . . . . . . Robots Corrupted 49 | . . . . . . . . 3 3 . . 39 . . . . . . . . . . . . . . . . 2 . 2 Combat Hostiles 45 | . . . . . . . . 3 3 . . 37 . . . . . . . . . . . . . . . . 2 . . Parts Fried 57 | . . . 1 3 5 . . 13 6 . . 22 . . . . . . . . . . . . . . . . 2 . 5 Impact Corruptions 4 | . . . . . . . . . . . . . . . . . . . . . . . . . . . . . . . 4 Robots Melted 18 | . . . . . 2 3 . . . . . . . . . . . . . . . . . . 1 4 . 1 7 . . Combat Hostiles 14 | . . . . . . 1 . . . . . . . . . . . . . . . . . . 1 4 . 1 7 . . Parts Melted 257 | . 2 . 5 1 6 16 . 7 . . 1 1 . . . 2 . . . . 23 6 1 . 2 82 6 8 87 . 1 Heat Transferred 110049 | 407 2183 407 1480 1414 3447 5951 . 3118 50 325 350 50 . 250 . 1980 . . . . 9401 3280 960 400 3200 31510 3120 2800 33310 . 656 Parts Sabotaged 6 | . . . . . . . . . . . . . . . . 2 . . . . 2 . . . . . . . 2 . . Parts Stolen . | . . . . . . . . . . . . . . . . . . . . . . . . . . . . . . . . Parts Stripped . | . . . . . . . . . . . . . . . . . . . . . . . . . . . . . . . . Power Chain Reactions 22 | . . . . 4 1 1 . 1 3 3 7 2 . . . . . . . . . . . . . . . . . . . Alert | -11 -10 -10 -9 -9 -9 -7 -7 -7 -7 -7 -7 -7 -6 -6 -6 -6 -6 -6 -6 -5 -5 -5 -5 -5 -4 -4 -4 -4 -4 -3 -3 ------- Run | Yrd Mat Min Mat Sto Rec Fac Was Fac Low Low Zio Dee Pro Fac Was Fac Low Low Dat Pro Fac Upp Upp Zhi Pro Fac Upp Upp War Pro Res Maximum Alert Level 5 | . 3 1 3 3 2 5 4 5 . . . . . 5 3 5 . . . . 5 . . . . 5 . . . . 5 Low Security (%) 10 | 100 25 57 28 . . 19 . . . . . . . 11 . . . . . . 9 . . . . 2 . . . . . Level 1 12 | . 19 42 15 8 72 14 . . . . . . . 18 . . . . . . . . . . . 10 . . . . 1 Level 2 13 | . 50 . 11 49 27 13 . . . . . . . . 83 3 . . . . 3 . . . . 8 . . . . 22 Level 3 17 | . 4 . 44 42 . 21 80 27 . . . . . 23 16 4 . . . . 14 . . . . 6 . . . . 23 Level 4 12 | . . . . . . 17 19 25 . . . . . 22 . 17 . . . . 12 . . . . 6 . . . . 16 Level 5 7 | . . . . . . 11 . 2 . . . . . 23 . 12 . . . . 4 . . . . 7 . . . . 20 High Security 26 | . . . . . . 1 . 43 . . . . . . . 62 . . . . 54 . . . . 58 . . . . 15 Max Security . | . . . . . . . . . . . . . . . . . . . . . . . . . . . . . . . . Sterilizations 3 | . . . . . . . . . . . . . . . . 1 . . . . 1 . . . . 1 . . . . . Peak Influence 5208 | 5 735 319 838 973 469 1958 1100 3599 . . . . . 2070 713 5208 . . . . 4885 . . . . 4677 . . . . 2743 Initial 1100 | . . 279 38 346 373 284 1100 735 . . . . . 63 713 415 . . . . 75 . . . . 175 . . . . 332 Average 1455 | 1 371 191 484 651 337 807 1078 1676 . . . . . 994 656 3079 . . . . 2470 . . . . 2333 . . . . 1351 Influence Increases 40699 | 10 1161 114 1180 881 304 2554 . 3344 470 299 . . 390 2632 . 5309 405 515 . 370 5622 375 210 15 490 4832 560 350 4890 460 2957 Destroy 0b10 Robot/C 25040 | . 620 80 660 520 100 1260 . 1460 300 260 . . 320 1380 . 2840 380 420 . 340 2780 320 180 . 420 3140 520 340 4300 400 1700 Destroy 0b10 Robot/NC 1395 | 10 15 10 55 45 75 120 . 95 10 5 . . 5 135 . 195 5 5 . . 155 . . 15 . 190 . . 65 20 165 Destroy Leader 3524 | . 142 20 172 172 . 292 . 298 10 30 . . 30 278 . 428 20 40 . 30 480 40 30 . 40 546 40 10 . 40 336 Allied During Kill 991 | . . 4 44 . . 4 . . . 4 . . 5 133 . 669 . 35 . . . . . . 30 63 . . . . . Successful Hack 149 | . 25 . 37 . . . . 24 . . . . . 19 . 8 . . . . 29 . . . . 7 . . . . . Select Force Hacks 580 | . 310 . 60 30 120 60 . . . . . . . . . . . . . . . . . . . . . . . . . Disable Machine 3150 | . . . 60 45 . 450 . 585 . . . . . 390 . 405 . . . . 825 . . . . 285 . . . . 105 Anti-Garrison Action 750 | . . . . . . . . . . . . . . 150 . 300 . . . . 300 . . . . . . . . . . Destroy Structure 2475 | . 4 . 2 24 9 123 . 177 . . . . . 87 . 329 . . . . 798 . . . . 526 . . . . 396 Advance Influence 350 | . . . . . . 200 . . . . . . . . . . . . . . . . . . . . . . . . 150 Partial Spotted 120 | . 15 . 15 30 . . . 15 . . . . . . . . . . . . . . . . . . . . . . 45 Lose Combat Pursuer 2175 | . 30 . 75 15 . 45 . 690 150 . . . 30 60 . 135 . 15 . . 255 15 . . . 75 . . 525 . 60 Influence Decreases 38371 | 10 444 732 459 744 1058 799 1323 795 1642 788 1938 . 290 693 1446 694 2198 960 2970 250 857 2094 856 2535 212 433 1954 815 3373 4525 484 Entered New Map 28761 | . . 438 61 474 584 119 1273 315 1332 462 1938 . . 37 1326 178 1928 650 2970 . 45 1808 602 2520 . 103 1732 625 2818 4335 88 Time Decay 8656 | 10 444 294 371 270 434 620 50 470 310 326 . . 290 506 120 246 270 310 . 250 475 286 254 15 212 310 222 190 525 190 386 Lost Part 70 | . . . . . . 10 . 10 . . . . . 10 . . . . . . . . . . . . . . 30 . 10 Lost Ally 607 | . . . 27 . 40 50 . . . . . . . 140 . 270 . . . . 60 . . . . 20 . . . . . Purge Threat 277 | . . . . . . . . . . . . . . . . . . . . . 277 . . . . . . . . . . Squads Dispatched 246 | . 11 1 4 6 . 20 . 45 . 1 . . 1 17 . 38 . . . . 50 . . . . 33 . 1 . 1 17 Investigation 29 | . 11 1 3 2 . 2 . . . . . . . 2 . 1 . . . . 3 . . . . 3 . 1 . . . Extermination 21 | . . . . . . 5 . 2 . . . . . 5 . 1 . . . . 4 . . . . 1 . . . . 3 Reinforcement 41 | . . . 1 3 . 7 . 5 . . . . . 4 . 6 . . . . 4 . . . . 5 . . . . 6 Assault 140 | . . . . 1 . 3 . 33 . 1 . . 1 5 . 27 . . . . 38 . . . . 23 . . . 1 7 Garrison 15 | . . . . . . 3 . 5 . . . . . 1 . 3 . . . . 1 . . . . 1 . . . . 1 Intercept . | . . . . . . . . . . . . . . . . . . . . . . . . . . . . . . . . Searches Triggered . | . . . . . . . . . . . . . . . . . . . . . . . . . . . . . . . . Unchained Authorized 4 | . . . . . . . . . . . . . . . . 1 . . . . 1 . . . . 1 . . . . 1 Construction Impeded 9 | . . . . . . 2 . . . . . . . 1 . 2 . . . . 2 . . . . . . . . . 2 Haulers Reinforced 11 | . . . . . . 2 . . . . . . . 2 . 2 . . . . 1 . . . . 3 . . . . 1 Active Scanning Responses . | . . . . . . . . . . . . . . . . . . . . . . . . . . . . . . . . Cargo Convoy Interrupts 2 | . . . . . . . . 1 . . . . . 1 . . . . . . . . . . . . . . . . . Stealth | -11 -10 -10 -9 -9 -9 -7 -7 -7 -7 -7 -7 -7 -6 -6 -6 -6 -6 -6 -6 -5 -5 -5 -5 -5 -4 -4 -4 -4 -4 -3 -3 --------- Run | Yrd Mat Min Mat Sto Rec Fac Was Fac Low Low Zio Dee Pro Fac Was Fac Low Low Dat Pro Fac Upp Upp Zhi Pro Fac Upp Upp War Pro Res Distress Signals 35 | . . . 1 1 . 7 . 4 . . . . . 1 . 4 . . . . 1 . . . . 7 . . 2 . 7 Communications Jammed . | . . . . . . . . . . . . . . . . . . . . . . . . . . . . . . . . Distress Signals . | . . . . . . . . . . . . . . . . . . . . . . . . . . . . . . . . Times Spotted 1780 | . 41 3 47 34 14 81 6 143 25 16 62 113 19 82 . 201 17 21 4 15 189 16 6 . 15 187 13 10 263 19 118 Peak Tracking Total 37 | . 4 2 7 5 4 8 6 14 5 7 8 37 7 11 . 13 6 7 4 8 9 5 3 . 4 13 3 3 14 7 10 Tactical Retreats 90 | . 2 . 2 1 2 3 . 18 6 . 7 5 1 4 . 11 . 1 . . 6 1 . . . 3 . . 14 . 3 Traps | -11 -10 -10 -9 -9 -9 -7 -7 -7 -7 -7 -7 -7 -6 -6 -6 -6 -6 -6 -6 -5 -5 -5 -5 -5 -4 -4 -4 -4 -4 -3 -3 ------- Run | Yrd Mat Min Mat Sto Rec Fac Was Fac Low Low Zio Dee Pro Fac Was Fac Low Low Dat Pro Fac Upp Upp Zhi Pro Fac Upp Upp War Pro Res Traps Triggered 34 | . 1 . . . . 4 . 3 . . . . . 7 . 1 . . . . 1 . . . . 7 . . 10 . . Indirectly . | . . . . . . . . . . . . . . . . . . . . . . . . . . . . . . . . Trap Hack Attempts . | . . . . . . . . . . . . . . . . . . . . . . . . . . . . . . . . Triggered . | . . . . . . . . . . . . . . . . . . . . . . . . . . . . . . . . Disarmed . | . . . . . . . . . . . . . . . . . . . . . . . . . . . . . . . . Reprogrammed . | . . . . . . . . . . . . . . . . . . . . . . . . . . . . . . . . Reused . | . . . . . . . . . . . . . . . . . . . . . . . . . . . . . . . . Traps Extracted . | . . . . . . . . . . . . . . . . . . . . . . . . . . . . . . . . Installed . | . . . . . . . . . . . . . . . . . . . . . . . . . . . . . . . . Triggered . | . . . . . . . . . . . . . . . . . . . . . . . . . . . . . . . . Machines | -11 -10 -10 -9 -9 -9 -7 -7 -7 -7 -7 -7 -7 -6 -6 -6 -6 -6 -6 -6 -5 -5 -5 -5 -5 -4 -4 -4 -4 -4 -3 -3 ---------- Run | Yrd Mat Min Mat Sto Rec Fac Was Fac Low Low Zio Dee Pro Fac Was Fac Low Low Dat Pro Fac Upp Upp Zhi Pro Fac Upp Upp War Pro Res Machines Disabled 255 | . . . 4 3 . 30 . 39 1 2 4 5 . 27 . 30 . . 1 1 65 . 1 . 2 20 2 1 9 1 7 Max in Single Turn 24 | . . . 1 1 . 12 . 8 1 1 1 1 . 24 . 8 . . 1 1 17 . 1 . 1 4 1 1 1 1 1 Garrison Access 7 | . . . . . . . . . . . . . . 1 . 2 . . . . 3 . . . . 1 . . . . . Machines Repaired . | . . . . . . . . . . . . . . . . . . . . . . . . . . . . . . . . Machines Dismantled . | . . . . . . . . . . . . . . . . . . . . . . . . . . . . . . . . Machines Sabotaged 5 | . 5 . . . . . . . . . . . . . . . . . . . . . . . . . . . . . . Overloaded Fab Kills . | . . . . . . . . . . . . . . . . . . . . . . . . . . . . . . . . Hacking | -11 -10 -10 -9 -9 -9 -7 -7 -7 -7 -7 -7 -7 -6 -6 -6 -6 -6 -6 -6 -5 -5 -5 -5 -5 -4 -4 -4 -4 -4 -3 -3 --------- Run | Yrd Mat Min Mat Sto Rec Fac Was Fac Low Low Zio Dee Pro Fac Was Fac Low Low Dat Pro Fac Upp Upp Zhi Pro Fac Upp Upp War Pro Res Machines Accessed 83 | . 10 2 10 5 5 5 . 1 2 1 . . . 8 . 3 1 1 4 1 10 . 2 4 . 4 1 2 . . 1 Terminals 39 | . 7 . 8 4 . 2 . . 1 . . . . 5 . 3 . . . 1 6 . . . . 1 . 1 . . . Fabricators 7 | . . . . . . . . 1 . . . . . 3 . . . . . . 2 . . . . 1 . . . . . Repair Stations 2 | . 1 . . . . . . . . . . . . . . . . . . . . . . . . 1 . . . . . Recycling Units 10 | . 2 . 2 1 4 1 . . . . . . . . . . . . . . . . . . . . . . . . . Scanalyzers 1 | . . . . . . 1 . . . . . . . . . . . . . . . . . . . . . . . . . Garrison Access 5 | . . . . . . 1 . . . . . . . . . . . . . . 2 . . . . 1 . . . . 1 Total Hacks 212 | . 25 2 25 9 13 7 . 1 5 1 . . . 18 . 8 1 1 27 1 27 . 2 17 . 12 1 8 . . 1 Successful 142 | . 17 2 18 5 11 3 . 1 5 1 . . . 7 . 1 1 1 27 1 10 . 2 17 . 3 1 8 . . . Failed 70 | . 8 . 7 4 2 4 . . . . . . . 11 . 7 . . . . 17 . . . . 9 . . . . 1 Catastrophic 19 | . . . . 1 . 2 . . . . . . . 5 . 4 . . . . 6 . . . . . . . . . 1 Database Lockouts . | . . . . . . . . . . . . . . . . . . . . . . . . . . . . . . . . Manual 103 | . 23 . 24 1 6 6 . 1 . . . . . 14 . 8 . . . 1 12 . . . . 7 . . . . . Terminals 103 | . 22 . 22 8 . 2 . . 4 . . . . 11 . 8 . . . 1 16 . . . . 2 . 7 . . . Fabricators 19 | . . . . . . . . 1 . . . . . 7 . . . . . . 5 . . . . 6 . . . . . Repair Stations 4 | . 1 . . . . . . . . . . . . . . . . . . . . . . . . 3 . . . . . Recycling Units 14 | . 2 . 3 1 6 2 . . . . . . . . . . . . . . . . . . . . . . . . . Scanalyzers 2 | . . . . . . 2 . . . . . . . . . . . . . . . . . . . . . . . . . Garrison Access 9 | . . . . . . 1 . . . . . . . . . . . . . . 6 . . . . 1 . . . . 1 Terminal Hacks 90 | . 3 2 5 4 7 1 . . 5 1 . . . 1 . 1 1 1 27 1 2 . 2 17 . . 1 8 . . . Record 33 | . . . . . 5 . . . 4 . . . . . . . . . 10 1 . . 1 5 . . . 7 . . . Part Schematic 14 | . . . . . . . . . . . . . . . . . . . 10 . . . . 4 . . . . . . . Robot Schematic 4 | . . . . . . . . . . . . . . . . . . . 4 . . . . . . . . . . . . Robot Analysis 9 | . 3 . 2 . . . . . . . . . . . . . . . . . . . . 4 . . . . . . . Prototype ID Bank 7 | . . . . . . . . . . . . . . . . . . . 3 . . . . 4 . . . . . . . Open Door 13 | . . 2 . 4 . . . . 1 1 . . . . . . 1 1 . . . . 1 . . . 1 1 . . . Branch Access Points 3 | . . . 1 . . . . . . . . . . 1 . 1 . . . . . . . . . . . . . . . Alert Level 2 | . . . 2 . . . . . . . . . . . . . . . . . . . . . . . . . . . . Unreport Threat 2 | . . . . . . . . . . . . . . . . . . . . . 2 . . . . . . . . . . Locate Traps 1 | . . . . . . 1 . . . . . . . . . . . . . . . . . . . . . . . . . Release Object 2 | . . . . . 2 . . . . . . . . . . . . . . . . . . . . . . . . . . Fabricator Hacks 3 | . . . . . . . . . . . . . . . . . . . . . 2 . . . . 1 . . . . . Load Schematic 1 | . . . . . . . . . . . . . . . . . . . . . 1 . . . . . . . . . . Build 2 | . . . . . . . . . . . . . . . . . . . . . 1 . . . . 1 . . . . . Repair Station Hacks . | . . . . . . . . . . . . . . . . . . . . . . . . . . . . . . . . Recycling Unit Hacks . | . . . . . . . . . . . . . . . . . . . . . . . . . . . . . . . . Scanalyzer . | . . . . . . . . . . . . . . . . . . . . . . . . . . . . . . . . Garrison Access Hacks 1 | . . . . . . . . . . . . . . . . . . . . . . . . . . 1 . . . . . Seal Access 1 | . . . . . . . . . . . . . . . . . . . . . . . . . . 1 . . . . . Unauthorized Hacks 48 | . 14 . 13 1 4 2 . 1 . . . . . 6 . . . . . . 6 . . . . 1 . . . . . Terminals 28 | . 11 . 11 . . . . . . . . . . 1 . . . . . . 5 . . . . . . . . . . Assimilate 4 | . . . 1 . . . . . . . . . . . . . . . . . 3 . . . . . . . . . . Botnet 12 | . 4 . 5 . . . . . . . . . . 1 . . . . . . 2 . . . . . . . . . . Skim 5 | . . . 5 . . . . . . . . . . . . . . . . . . . . . . . . . . . . Sabotage 7 | . 7 . . . . . . . . . . . . . . . . . . . . . . . . . . . . . . Fabricators 8 | . . . . . . . . 1 . . . . . 5 . . . . . . 1 . . . . 1 . . . . . Liberate 3 | . . . . . . . . . . . . . . 3 . . . . . . . . . . . . . . . . . Haulers 5 | . . . . . . . . 1 . . . . . 2 . . . . . . 1 . . . . 1 . . . . . Repair Stations 1 | . 1 . . . . . . . . . . . . . . . . . . . . . . . . . . . . . . Patch 1 | . 1 . . . . . . . . . . . . . . . . . . . . . . . . . . . . . . Recycling Units 10 | . 2 . 2 1 4 1 . . . . . . . . . . . . . . . . . . . . . . . . . Tunnel 10 | . 2 . 2 1 4 1 . . . . . . . . . . . . . . . . . . . . . . . . . Scanalyzers 1 | . . . . . . 1 . . . . . . . . . . . . . . . . . . . . . . . . . Extract 1 | . . . . . . 1 . . . . . . . . . . . . . . . . . . . . . . . . . Garrison Access . | . . . . . . . . . . . . . . . . . . . . . . . . . . . . . . . . Data Cores Recovered 6 | . . . 1 . . . . 2 . . . . . 1 . . . . . . . . . . . 2 . . . . . Used 2 | . . . 1 . . . . . . . . . . 1 . . . . . . . . . . . . . . . . . Hacking Detections 40 | . 5 . 5 2 . 4 . 1 . . . . . 5 . 3 . . . 1 10 . . . . 2 . 1 . . 1 Full Trace Events 10 | . . . . 1 . . . . . . . . . 2 . 1 . . . . 3 . . . . 2 . 1 . . . Feedback Events 3 | . . . . . . . . . . . . . . . . . . . . . 1 . . . . 1 . 1 . . . Corruption 3 | . . . . . . . . . . . . . . . . . . . . . 1 . . . . 1 . 1 . . . Feedback Blocked . | . . . . . . . . . . . . . . . . . . . . . . . . . . . . . . . . Robot Schematics Acquired 54 | . . . . . . . . . . . 3 . . . . . . . 4 . . . . . . 47 . . . . . Robots Built 2 | . . . . . . . . . . . . . . . . . . . . . 2 . . . . . . . . . . Authchips . | . . . . . . . . . . . . . . . . . . . . . . . . . . . . . . . . Time 254 | . . . . . . . . . . . . . . . . . . . . . 67 . . . . 187 . . . . . Total Robot Build Rating 8 | . . . . . . . . . . . . . . . . . . . . . 8 . . . . . . . . . . Part Schematics Acquired 28 | . . . . . . 1 . . . . 13 . . . . . . . 10 . . . . 4 . . . . . . . Parts Built . | . . . . . . . . . . . . . . . . . . . . . . . . . . . . . . . . Authchips . | . . . . . . . . . . . . . . . . . . . . . . . . . . . . . . . . Time . | . . . . . . . . . . . . . . . . . . . . . . . . . . . . . . . . Total Part Build Rating . | . . . . . . . . . . . . . . . . . . . . . . . . . . . . . . . . Part Studies Acquired . | . . . . . . . . . . . . . . . . . . . . . . . . . . . . . . . . Parts Repaired . | . . . . . . . . . . . . . . . . . . . . . . . . . . . . . . . . Time . | . . . . . . . . . . . . . . . . . . . . . . . . . . . . . . . . Parts Recycled . | . . . . . . . . . . . . . . . . . . . . . . . . . . . . . . . . Recycled Matter . | . . . . . . . . . . . . . . . . . . . . . . . . . . . . . . . . Retrieved Matter . | . . . . . . . . . . . . . . . . . . . . . . . . . . . . . . . . Retrieved Components . | . . . . . . . . . . . . . . . . . . . . . . . . . . . . . . . . Parts Scanalyzed . | . . . . . . . . . . . . . . . . . . . . . . . . . . . . . . . . Part Schematics Acquired . | . . . . . . . . . . . . . . . . . . . . . . . . . . . . . . . . Parts Damaged . | . . . . . . . . . . . . . . . . . . . . . . . . . . . . . . . . Bothacking | -11 -10 -10 -9 -9 -9 -7 -7 -7 -7 -7 -7 -7 -6 -6 -6 -6 -6 -6 -6 -5 -5 -5 -5 -5 -4 -4 -4 -4 -4 -3 -3 ------------ Run | Yrd Mat Min Mat Sto Rec Fac Was Fac Low Low Zio Dee Pro Fac Was Fac Low Low Dat Pro Fac Upp Upp Zhi Pro Fac Upp Upp War Pro Res Used RIF Installer . | . . . . . . . . . . . . . . . . . . . . . . . . . . . . . . . . Robots Hacked . | . . . . . . . . . . . . . . . . . . . . . . . . . . . . . . . . Non-combat . | . . . . . . . . . . . . . . . . . . . . . . . . . . . . . . . . Combat . | . . . . . . . . . . . . . . . . . . . . . . . . . . . . . . . . Robot Hacks Applied . | . . . . . . . . . . . . . . . . . . . . . . . . . . . . . . . . Relay Couplers Released 6 | . . . . . . . . . . . . . . 2 . 1 . . . . 3 . . . . . . . . . . Machine Destruction 6 | . . . . . . . . . . . . . . 2 . 1 . . . . 3 . . . . . . . . . . Fabnet Peak Effective % . | . . . . . . . . . . . . . . . . . . . . . . . . . . . . . . . . Robots Rewired 18 | . . . . . 5 . . . . 4 . . 2 1 . . 2 2 . . . . . . 2 . . . . . . Allies Hacked . | . . . . . . . . . . . . . . . . . . . . . . . . . . . . . . . . Hacks Repelled . | . . . . . . . . . . . . . . . . . . . . . . . . . . . . . . . . Allies | -11 -10 -10 -9 -9 -9 -7 -7 -7 -7 -7 -7 -7 -6 -6 -6 -6 -6 -6 -6 -5 -5 -5 -5 -5 -4 -4 -4 -4 -4 -3 -3 -------- Run | Yrd Mat Min Mat Sto Rec Fac Was Fac Low Low Zio Dee Pro Fac Was Fac Low Low Dat Pro Fac Upp Upp Zhi Pro Fac Upp Upp War Pro Res Total Allies 54 | . . 2 . . 5 . . . . 4 3 . 2 7 20 . 2 2 . . 5 . . . 2 . . . . . . Largest Group 20 | . . 2 2 . 2 2 . . . 4 7 . 2 5 20 20 2 4 4 . 3 . . . 2 2 . . . . . Highest-Rated Group 804 | . . 42 42 . 48 48 . . . 96 180 . 52 145 804 804 58 110 110 . 74 . . . 95 95 . . . . . Highest-Rated Ally 50 | . . 31 31 . 27 27 . . . 30 31 . 32 32 50 50 29 32 32 . 32 . . . 48 48 . . . . . Total Orders 5 | . . . . . . 3 . . . . . . . . . . . . . . 2 . . . . . . . . . . STAY 1 | . . . . . . . . . . . . . . . . . . . . . 1 . . . . . . . . . . FOLLOW 1 | . . . . . . . . . . . . . . . . . . . . . 1 . . . . . . . . . . RETURN 3 | . . . . . . 3 . . . . . . . . . . . . . . . . . . . . . . . . . Ally Attacks 368 | . . 2 28 . 2 1 . . . . 12 . . 59 . 233 . 12 3 . 4 . . . 1 11 . . . . . Total Damage 10107 | . . 42 449 . 20 14 . . . . 262 . . 1001 . 7581 . 188 28 . 226 . . . 39 257 . . . . . Kills 71 | . . 2 6 . . . . . . . . . . 6 . 56 . 1 . . . . . . . . . . . . . Allies Corrupted 6 | . . . . . . . . . . . . . . 4 . 1 . . . . . . . . . 1 . . . . . Allies Melted 2 | . . 1 . . . . . . . . 1 . . . . . . . . . . . . . . . . . . . . Intel | -11 -10 -10 -9 -9 -9 -7 -7 -7 -7 -7 -7 -7 -6 -6 -6 -6 -6 -6 -6 -5 -5 -5 -5 -5 -4 -4 -4 -4 -4 -3 -3 ------- Run | Yrd Mat Min Mat Sto Rec Fac Was Fac Low Low Zio Dee Pro Fac Was Fac Low Low Dat Pro Fac Upp Upp Zhi Pro Fac Upp Upp War Pro Res Active Infowar (turns) 9639 | 22 1161 653 911 587 403 . . 860 681 723 875 972 . . . . . . . . . . . . . 146 471 382 792 . . Optics 2 | . . . . . . . . . . . . . . . . . . . . . . . . . . . . . 2 . . A.S.S. 4111 | . . . . . . . . 860 681 723 875 972 . . . . . . . . . . . . . . . . . . . Terrain 624 | 15 609 . . . . . . . . . . . . . . . . . . . . . . . . . . . . . . Structural 3106 | . 552 653 911 587 403 . . . . . . . . . . . . . . . . . . . . . . . . . . Seismic 3737 | 22 1161 653 911 587 403 . . . . . . . . . . . . . . . . . . . . . . . . . . Jamming 1789 | . . . . . . . . . . . . . . . . . . . . . . . . . . 146 471 382 790 . . Robot Analysis Total 102 | . 3 . 2 . . . . . . . . . . . . . . . . . . . . 4 . 93 . . . . . Derelict Logs Recovered 18 | . . 3 . . . . . . 1 2 . . 2 . . . 1 2 . 2 . 1 . . 1 . 1 2 . . . Drone Launches 27 | . . . . . . 27 . . . . . . . . . . . . . . . . . . . . . . . . . Drone Recoveries 12 | . . . . . . 12 . . . . . . . . . . . . . . . . . . . . . . . . . Exploration | -11 -10 -10 -9 -9 -9 -7 -7 -7 -7 -7 -7 -7 -6 -6 -6 -6 -6 -6 -6 -5 -5 -5 -5 -5 -4 -4 -4 -4 -4 -3 -3 ------------- Run | Yrd Mat Min Mat Sto Rec Fac Was Fac Low Low Zio Dee Pro Fac Was Fac Low Low Dat Pro Fac Upp Upp Zhi Pro Fac Upp Upp War Pro Res Turns Passed 31672 | 87 1161 653 911 587 1074 2136 102 2112 681 723 875 2575 698 1365 243 1409 581 686 217 796 2841 632 549 112 575 1688 471 382 3286 385 1079 Spaces Moved 40893 | 48 968 737 1108 605 1096 2566 207 2822 1213 1085 1031 3049 1116 2134 355 1668 1074 1184 177 1085 3469 1051 940 176 836 2269 1084 835 2941 747 1217 Core 5 | 5 . . . . . . . . . . . . . . . . . . . . . . . . . . . . . . . Treads 1 | . . . . . . . . . . . . . . . . . . . . . 1 . . . . . . . . . . Legs . | . . . . . . . . . . . . . . . . . . . . . . . . . . . . . . . . Wheels 50 | 43 7 . . . . . . . . . . . . . . . . . . . . . . . . . . . . . . Hover 40837 | . 961 737 1108 605 1096 2566 207 2822 1213 1085 1031 3049 1116 2134 355 1668 1074 1184 177 1085 3468 1051 940 176 836 2269 1084 835 2941 747 1217 Flight . | . . . . . . . . . . . . . . . . . . . . . . . . . . . . . . . . Fastest Speed 24 | 50 52 52 48 48 45 36 36 24 38 38 38 38 44 44 44 30 40 40 40 40 39 53 53 53 53 33 33 33 33 33 33 Average Speed 42 | 85 53 52 49 53 49 44 40 37 38 38 38 43 44 44 44 41 40 40 40 40 52 53 53 53 53 42 33 33 33 33 33 Slowest Speed 155 | 90 90 52 52 108 108 104 42 116 38 38 38 48 44 48 114 45 40 40 40 40 112 53 53 53 53 53 33 33 155 33 93 Overloaded Moves 377 | . . . . . . 49 50 236 . . . . . . . 42 . . . . . . . . . . . . . . . Propulsion Burnouts . | . . . . . . . . . . . . . . . . . . . . . . . . . . . . . . . . Robots Hopped . | . . . . . . . . . . . . . . . . . . . . . . . . . . . . . . . . Potential Cave-ins 5 | . . . . . . . . 3 . . . . . . . . . . . . . . . . . . . . 2 . . Cave-ins Triggered . | . . . . . . . . . . . . . . . . . . . . . . . . . . . . . . . . Teleports 1 | . . . . . . . . . . . . . . . . . . . . . . . . 1 . . . . . . . Exploration Rate (%) 82 | 4 96 97 95 84 99 64 96 66 98 98 75 93 96 60 97 29 98 98 82 98 68 96 97 61 96 58 96 95 97 95 42 Regions Visited 31 Branch Regions 20 Pre-discovered Areas 20 | . 2 1 3 1 4 1 . . . 1 . . 1 . . . . . 1 1 . . . 3 . . . 1 . . . Known Exits Taken 19 | . . . 1 . . . . 1 1 1 1 . 1 . . 1 . 1 . 1 1 1 1 1 1 1 1 1 1 1 . Unknown Exits Taken 8 | 1 1 1 . 1 1 . . . . . . 1 . . . . 1 . 1 . . . . . . . . . . . . Scrap Searched 42 | . . 2 . . . . . . 2 3 3 . 3 . . . 3 3 . 2 . 2 5 . 5 . 3 4 . 2 . Spaces Dug 68 | . . . . . . 2 . 3 2 . . . . . . 13 . . . . 33 . 2 . 1 2 . . 6 . 4 Terrain Destroyed 2134 | . . . . 20 14 152 . 189 13 20 31 41 14 85 . 174 17 23 7 19 411 18 12 1 25 266 28 7 217 108 222 Melee . | . . . . . . . . . . . . . . . . . . . . . . . . . . . . . . . . Projectile 1183 | . . . . . . 12 . 34 4 12 26 41 14 55 . 80 17 23 7 19 127 18 12 1 25 124 28 7 167 108 222 AOE 950 | . . . . 20 13 140 . 155 9 8 5 . . 30 . 94 . . . . 284 . . . . 142 . . 50 . . Terrain Rammed . | . . . . . . . . . . . . . . . . . . . . . . . . . . . . . . . . Walls Destroyed . | . . . . . . . . . . . . . . . . . . . . . . . . . . . . . . . . Machines Disabled . | . . . . . . . . . . . . . . . . . . . . . . . . . . . . . . . . Actions | -11 -10 -10 -9 -9 -9 -7 -7 -7 -7 -7 -7 -7 -6 -6 -6 -6 -6 -6 -6 -5 -5 -5 -5 -5 -4 -4 -4 -4 -4 -3 -3 --------- Run | Yrd Mat Min Mat Sto Rec Fac Was Fac Low Low Zio Dee Pro Fac Was Fac Low Low Dat Pro Fac Upp Upp Zhi Pro Fac Upp Upp War Pro Res Total 52707 | 67 1448 984 1339 761 1549 3367 217 3679 1402 1369 1357 4160 1296 2486 441 2253 1210 1382 310 1432 4378 1115 985 191 952 2880 1183 933 5066 837 1678 Wait 5877 | 1 353 223 97 72 344 425 1 402 101 166 84 720 88 40 63 101 45 124 50 278 315 15 22 5 41 126 49 57 1350 3 116 Move 40864 | 47 967 736 1107 604 1095 2566 206 2821 1212 1084 1030 3048 1115 2134 354 1667 1073 1183 176 1084 3468 1050 939 175 835 2268 1083 834 2940 746 1217 Hop . | . . . . . . . . . . . . . . . . . . . . . . . . . . . . . . . . Pick Up 134 | . 6 2 9 1 . 16 . 8 4 2 . 10 . 6 . 15 1 2 4 1 9 5 1 . 1 8 2 1 11 4 5 Fast Attach 102 | 7 1 1 1 1 3 10 . 10 1 1 3 5 . 5 3 4 . . . 1 10 . . 2 1 4 . . 21 . 7 Attach 29 | . 2 . 2 . 1 2 . 2 . . . 3 . 2 3 3 . . . . 2 . . . . 2 . . 3 . 2 Detach 20 | . . . 1 . . . . 1 . . . . . 2 2 3 . . . 1 4 . . . . 2 . . 3 . 1 Swap 122 | 1 8 3 6 8 5 3 . 8 . . 3 20 . 8 . 7 . 2 5 2 8 2 . 2 . 2 . . 11 . 8 Drop 226 | . 2 4 11 1 11 19 . 18 4 5 1 23 . 9 4 13 1 2 5 3 22 3 1 . 2 12 2 1 30 4 13 Fire 3360 | 11 72 10 69 49 56 198 10 291 46 38 219 230 37 165 . 278 40 38 37 36 326 31 15 3 42 297 36 22 476 31 151 Melee . | . . . . . . . . . . . . . . . . . . . . . . . . . . . . . . . . Ram . | . . . . . . . . . . . . . . . . . . . . . . . . . . . . . . . . Kick . | . . . . . . . . . . . . . . . . . . . . . . . . . . . . . . . . Crush 11 | . . . . . . . . . . . . . . . . . . . . . . . . . . . . . . . 11 Escape Stasis 33 | . . . . . . 8 . . . . . . . 12 . . . . . . 2 . . . . 11 . . . . . Rewire 175 | . . . . 1 27 . . . . 34 . 1 38 6 . . 41 16 . . . . . . 10 1 . . . . . Trap . | . . . . . . . . . . . . . . . . . . . . . . . . . . . . . . . . Miscellaneous 1754 | . 37 5 36 24 7 120 . 118 34 39 17 100 18 97 12 162 9 15 33 26 212 9 7 4 20 147 11 18 221 49 147 Route ------- -11/Scrapyard -10/Materials (discovered 5 exits: *Mat x3 / *Min / [*Sub]) -10/Mines (discovered 2 exits: *Mat x2) -9/Materials (discovered 5 exits: [*Mat x3] / *Min / *Sto) -9/Storage (discovered 2 exits: [*Mat] / *Rec) -9/Recycling -7/Factory (discovered 3 exits: *Fac x2 / *Low) -7/Waste -7/Factory (discovered 2 exits: *Fac / *Low) -7/Lower Caves -7/Lower Caves (discovered 2 exits: *Fac / *Zio) -7/Zion (discovered 2 exits: *Dee / *Pro) -7/Deep Caves -6/Proximity Caves -6/Factory (discovered 4 exits: *Fac x2 / *Low x2) -6/Waste -6/Factory (discovered 4 exits: *Fac x2 / *Low x2) -6/Lower Caves -6/Lower Caves (discovered 2 exits: *Fac / *Dat) -6/Data Miner -5/Proximity Caves -5/Factory (discovered 3 exits: *Fac x2 / *Upp) -5/Upper Caves -5/Upper Caves (discovered 2 exits: *Fac / *Zhi) -5/Zhirov -4/Proximity Caves -4/Factory (discovered 4 exits: *Res x2 / *Upp / [*Ext]) -4/Upper Caves -4/Upper Caves (discovered 2 exits: *Res / *War) -4/Warlord -3/Proximity Caves -3/Research (discovered 4 exits: *Res x2 / Arm / [*Tes]) History --------- Turn | Location | Event 1 | -11/Scrapyard | Upgraded with Propulsion slot (x1) 1 | -11/Scrapyard | Upgraded with Utility slot (x1) 1 | -11/Scrapyard | Upgraded with Weapon slot (x1) 24 | -11/Scrapyard | Discovered new exit (range 16) 88 | -11/Scrapyard | Entered Materials 308 | -10/Materials | Build established: Mutant 380 | -10/Materials | Discovered new exit (range 10) 410 | -10/Materials | Reached level 2 420 | -10/Materials | Upgraded with Weapon slot (x1) 588 | -10/Materials | Discovered new exit (range 10) 613 | -10/Materials | Reached level 3 624 | -10/Materials | Upgraded with Propulsion slot (x1) 624 | -10/Materials | Upgraded with Utility slot (x1) 679 | -10/Materials | Discovered new exit (range 16) 797 | -10/Materials | Discovered new exit (range 9) 943 | -10/Materials | Discovered new exit (range 9) 988 | -10/Materials | Derelicts attacked the area 1001 | -10/Materials | Reached level 4 1003 | -10/Materials | Build established: Gunner 1249 | -10/Materials | Entered Mines 1267 | -10/Mines | Reached level 5 1285 | -10/Mines | Discovered new exit (range 4) 1305 | -10/Mines | Found the Drone Emporium 1306 | -10/Mines | Upgraded with Utility slot (x1) 1307 | -10/Mines | Found Prototype Device 1307 | -10/Mines | Identified Decoy Drone Bay 1334 | -10/Mines | Discovered new exit (range 5) 1405 | -10/Mines | Received a Rocket Launcher from a helpful Derelict 1409 | -10/Mines | Learned Materials stockpile data 1417 | -10/Mines | Learned Materials trap positions 1449 | -10/Mines | Excavation squad dispatched 1449 | -10/Mines | A large section of the Mines collapsed 1745 | -10/Mines | Met a Derelict shopkeep closing up shop 1902 | -10/Mines | Entered Materials 1902 | -9/Materials | Accompanied by 2 allies 1903 | -9/Materials | Loaded intel: 24 trap records 1904 | -9/Materials | Reached level 6 1904 | -9/Materials | Upgraded with Utility slot (x1) 1907 | -9/Materials | Led the pair of lost Derelicts to an unsafe place 2136 | -9/Materials | Discovered new exit (range 7) 2168 | -9/Materials | Reached level 7 2209 | -9/Materials | Upgraded with Propulsion slot (x1) 2251 | -9/Materials | Discovered new exit (range 10) 2323 | -9/Materials | Reached level 8 2361 | -9/Materials | Discovered new exit (range 5) 2383 | -9/Materials | Identified exit to Mines 2383 | -9/Materials | Identified exit to Storage 2611 | -9/Materials | Learned Storage trap positions 2631 | -9/Materials | Discovered new exit (range 6) 2632 | -9/Materials | Learned 4 Materials zone layouts 2642 | -9/Materials | Learned Storage emergency access door positions 2661 | -9/Materials | Learned Storage emergency access door positions 2666 | -9/Materials | Reached level 9 2688 | -9/Materials | Loaded intel: 2 repair station locations 2813 | -9/Materials | Entered Storage 2814 | -9/Storage | Loaded intel: 10 trap records 3031 | -9/Storage | Build established: Tank 3130 | -9/Storage | Reached level 10 3181 | -9/Storage | Met 01-MTF 3187 | -9/Storage | Upgraded with Weapon slot (x1) 3213 | -9/Storage | First assault squad dispatched 3242 | -9/Storage | Discovered new exit (range 16) 3395 | -9/Storage | Discovered new exit (range 3) 3400 | -9/Storage | Entered Recycling 3400 | -9/Recycling | Accompanied by 1 ally (01-MTF) 3745 | -9/Recycling | Discovered new exit (range 16) 3776 | -9/Recycling | Scanned before Scraplab entrance 3799 | -9/Recycling | Discovered new exit (range 13) 3801 | -9/Recycling | Entered Scraplab 3802 | -9/Recycling | Angered Scraplab inhabitants 3804 | -9/Recycling | Found Prototype Device 3804 | -9/Recycling | Identified Scrap Engine 3811 | -9/Recycling | Found Prototype Energy Gun 3811 | -9/Recycling | Identified KN-7UR's Autopenetrator 3829 | -9/Recycling | Core integrity fell below 50% 3873 | -9/Recycling | Core integrity fell below 20% 3874 | -9/Recycling | Destroyed KN-7UR 4210 | -9/Recycling | Build established: Scavenger-Mutant 4474 | -9/Recycling | Entered Factory 4474 | -7/Factory | Accompanied by 2 allies 4475 | -7/Factory | Core integrity fell below 50% 4475 | -7/Factory | Core integrity fell below 20% 4476 | -7/Factory | Reached level 11 4571 | -7/Factory | Build established: Scavenger-Gunner 4743 | -7/Factory | Discovered new exit (range 19) 4784 | -7/Factory | Lost 3 allies 4805 | -7/Factory | Reached level 12 4901 | -7/Factory | Lost 4 allies 5205 | -7/Factory | Reached level 13 5274 | -7/Factory | First assault squad dispatched 5307 | -7/Factory | Reached level 14 5313 | -7/Factory | Upgraded with Power slot (x1) 5313 | -7/Factory | Upgraded with Propulsion slot (x1) 5313 | -7/Factory | Upgraded with Utility slot (x1) 5604 | -7/Factory | Build established: Scavenger-Tank 5793 | -7/Factory | Discovered new exit (range 5) 5949 | -7/Factory | Reached level 15 5979 | -7/Factory | Destroyed 7 combat bots 6019 | -7/Factory | Discovered new exit (range 12) 6068 | -7/Factory | Garrison activated, responded to threat 6285 | -7/Factory | Reached level 16 6316 | -7/Factory | Upgraded with Utility slot (x1) 6470 | -7/Factory | Build established: Scavenger-Gunner 6573 | -7/Factory | High security lockdown imminent 6610 | -7/Factory | Sucked down chute 6610 | -7/Factory | Entered Waste 6611 | -7/Waste | Destroyed 8 combat bots 6614 | -7/Waste | Spotted C-40 Crusher 6617 | -7/Waste | Spotted C-40 Crusher 6625 | -7/Waste | EMP discharged 6630 | -7/Waste | Spotted C-40 Crusher 6631 | -7/Waste | Spotted C-40 Crusher 6663 | -7/Waste | Spotted C-40 Crusher 6679 | -7/Waste | Spotted C-40 Crusher 6694 | -7/Waste | Discovered new exit (range 14) 6712 | -7/Waste | Entered Factory 6845 | -7/Factory | Discovered new exit (range 15) 6911 | -7/Factory | System corruption reached 10% 7008 | -7/Factory | Reached level 17 7028 | -7/Factory | Discovered new exit (range 9) 7031 | -7/Factory | Destroyed 7 combat bots 7039 | -7/Factory | Build established: Scavenger-Mutant 7156 | -7/Factory | Garrison activated, responded to threat 7459 | -7/Factory | Build established: Scavenger-Gunner 7488 | -7/Factory | Cargo convoy interrupted 7896 | -7/Factory | High security lockdown imminent 7924 | -7/Factory | Destroyed 11 combat bots 7964 | -7/Factory | Found Prototype Device 7964 | -7/Factory | Identified Active Sensor Suite 7976 | -7/Factory | High security lockdown engaged 8168 | -7/Factory | Reached level 18 8251 | -7/Factory | Build established: Scavenger-Scout 8639 | -7/Factory | Garrison activated, responded to threat 8822 | -7/Factory | Identified exit to Lower Caves 8824 | -7/Factory | Entered Lower Caves 8978 | -7/Lower Caves | Attracted the attention of an 0b10 base 9083 | -7/Lower Caves | Learned location of 2 exits from Upper Caves 9083 | -7/Lower Caves | Learned Research trap positions 9083 | -7/Lower Caves | Learned Research stockpile data 9083 | -7/Lower Caves | Learned Extension trap positions 9180 | -7/Lower Caves | Attracted the attention of an 0b10 checkpoint 9291 | -7/Lower Caves | Encountered a Warlord checkpoint 9293 | -7/Lower Caves | Discovered new exit (range 8) 9295 | -7/Lower Caves | Identified exit to Lower Caves 9369 | -7/Lower Caves | Learned Factory emergency access door positions 9505 | -7/Lower Caves | Entered another Lower Caves area 9507 | -7/Lower Caves | Attracted the attention of an 0b10 outpost 9606 | -7/Lower Caves | Destroyed 12 combat bots 9624 | -7/Lower Caves | Discovered new exit (range 14) 9636 | -7/Lower Caves | Identified exit to Factory 9643 | -7/Lower Caves | Learned location of Zion (-7) 9681 | -7/Lower Caves | Spotted B-75 Beast 9693 | -7/Lower Caves | Destroyed B-75 Beast 9743 | -7/Lower Caves | Attacked by a delusional Derelict stockpiling Unaware 9849 | -7/Lower Caves | Encountered a Warlord checkpoint 9886 | -7/Lower Caves | Identified exit to Zion 10228 | -7/Lower Caves | Entered Zion 10228 | -7/Zion | Accompanied by 4 allies 10249 | -7/Zion | Gained Derelict followers 10253 | -7/Zion | Discovered new exit (range 9) 10256 | -7/Zion | Identified exit to Proximity Caves 10287 | -7/Zion | System corruption cleaned by Quarantine Array 10294 | -7/Zion | Attacked by Zionites 10294 | -7/Zion | Spotted AF-UXS(B) 10294 | -7/Zion | Spotted EO-HTD(B) 10350 | -7/Zion | Lost 3 allies 10425 | -7/Zion | Destroyed EO-HTD(B) 10427 | -7/Zion | Destroyed AF-UXS(B) 11102 | -7/Zion | Discovered new exit (range 3) 11102 | -7/Zion | Saw the warning signs outside the Deep Caves entrance 11102 | -7/Zion | Identified exit to Deep Caves 11103 | -7/Zion | Entered Deep Caves 11105 | -7/Deep Caves | Reached level 19 11191 | -7/Deep Caves | Attacked by Z-Imprinter 11191 | -7/Deep Caves | Z-Facility disabled 11204 | -7/Deep Caves | Destroyed Z-Imprinter 11534 | -7/Deep Caves | Found Prototype Device 11534 | -7/Deep Caves | Identified Zio. Metafield Generator 11559 | -7/Deep Caves | Found Prototype Protection 11559 | -7/Deep Caves | Identified Zio. Weapon Casing 11637 | -7/Deep Caves | Discovered new exit (range 6) 11665 | -7/Deep Caves | Spotted AG-48765 12056 | -7/Deep Caves | Spotted AG-04008 12080 | -7/Deep Caves | Destroyed AG-04008 12220 | -7/Deep Caves | Destroyed AG-48765 12223 | -7/Deep Caves | Found GOLEM Unit 12362 | -7/Deep Caves | Build established: Scavenger-Gunner 12395 | -7/Deep Caves | Triggered Deep Caves wall 12397 | -7/Deep Caves | Spotted AS-22703 12397 | -7/Deep Caves | Exposed GOLEM chamber 12429 | -7/Deep Caves | Destroyed AS-22703 12435 | -7/Deep Caves | Spotted AS-66158 12442 | -7/Deep Caves | Destroyed AS-66158 12549 | -7/Deep Caves | Destroyed 61 combat bots 12642 | -7/Deep Caves | Found GOLEM Unit 12808 | -7/Deep Caves | Found Prototype Protection 12808 | -7/Deep Caves | Identified Zio. Heavy Carapace 13120 | -7/Deep Caves | Found Prototype Energy Cannon 13175 | -7/Deep Caves | Found GOLEM Unit 13243 | -7/Deep Caves | Destroyed 7 combat bots 13678 | -7/Deep Caves | Entered Proximity Caves 13723 | -6/Proximity Caves | Attracted the attention of an 0b10 outpost 13776 | -6/Proximity Caves | Destroyed 7 combat bots 13984 | -6/Proximity Caves | Spotted B-75 Beast 14030 | -6/Proximity Caves | Destroyed B-75 Beast 14376 | -6/Proximity Caves | Entered Factory 14376 | -6/Factory | Accompanied by 2 allies 14378 | -6/Factory | Reached level 20 14394 | -6/Factory | Upgraded with Weapon slot (x1) 14394 | -6/Factory | Identified YOLO Cannon 14567 | -6/Factory | Discovered new exit (range 10) 14727 | -6/Factory | Destroyed 7 combat bots 15001 | -6/Factory | Discovered new exit (range 10) 15076 | -6/Factory | First assault squad dispatched 15112 | -6/Factory | Reached level 21 15184 | -6/Factory | Discovered new exit (range 9) 15257 | -6/Factory | Discovered new exit (range 10) 15395 | -6/Factory | Identified exit to Lower Caves 15412 | -6/Factory | Garrison activated, responded to threat 15447 | -6/Factory | Destroyed 7 combat bots 15531 | -6/Factory | Cargo convoy interrupted 15591 | -6/Factory | Destroyed 13 combat bots 15660 | -6/Factory | Spotted B-75 Beast 15741 | -6/Factory | Sucked down chute 15741 | -6/Factory | Entered Waste 15742 | -6/Waste | Joined by Warlord forces that had cleared the area 15838 | -6/Waste | Found Damper Plating 15864 | -6/Waste | Discovered new exit (range 15) 15984 | -6/Waste | Entered Factory 15984 | -6/Factory | Accompanied by 20 allies 16079 | -6/Factory | Discovered new exit (range 15) 16095 | -6/Factory | Reached level 22 16177 | -6/Factory | Spotted B-75 Beast 16182 | -6/Factory | Destroyed B-75 Beast 16207 | -6/Factory | Unchained authorized (GL-D0S) 16229 | -6/Factory | Discovered exit to Lower Caves (range 7) 16258 | -6/Factory | Discovered new exit (range 4) 16271 | -6/Factory | Discovered exit to Lower Caves (range 6) 16346 | -6/Factory | Garrison activated, responded to threat 16441 | -6/Factory | Core integrity fell below 50% 16516 | -6/Factory | High security lockdown imminent 16596 | -6/Factory | High security lockdown engaged 16709 | -6/Factory | Lost 7 allies 16710 | -6/Factory | Destroyed 7 combat bots 16782 | -6/Factory | Destroyed 11 combat bots 16861 | -6/Factory | Reached level 23 16874 | -6/Factory | Upgraded with Utility slot (x1) 16882 | -6/Factory | Destroyed 13 combat bots 16974 | -6/Factory | Destroyed 16 combat bots 17130 | -6/Factory | Sterilization system engaged 17130 | -6/Factory | Non-combat units ordered to evacuate 17167 | -6/Factory | Destroyed 15 combat bots 17230 | -6/Factory | Combat units ordered to evacuate 17348 | -6/Factory | Found Prototype Processor 17348 | -6/Factory | Identified Exp. Targeting Computer 17393 | -6/Factory | Entered Lower Caves 17396 | -6/Lower Caves | Encountered a Warlord checkpoint 17418 | -6/Lower Caves | Attracted the attention of an 0b10 checkpoint 17599 | -6/Lower Caves | Destroyed 7 combat bots 17686 | -6/Lower Caves | Learned 4 Factory zone layouts 17808 | -6/Lower Caves | Discovered new exit (range 13) 17974 | -6/Lower Caves | Entered another Lower Caves area 17974 | -6/Lower Caves | Accompanied by 2 allies 18003 | -6/Lower Caves | Learned Factory terminal intel 18120 | -6/Lower Caves | Discovered new exit (range 7) 18154 | -6/Lower Caves | Identified exit to Data Miner 18240 | -6/Lower Caves | Attracted the attention of an 0b10 outpost 18431 | -6/Lower Caves | Encountered a Warlord checkpoint 18433 | -6/Lower Caves | Learned Factory trap positions 18434 | -6/Lower Caves | Discovered new exit (range 11) 18660 | -6/Lower Caves | Entered Data Miner 18660 | -6/Data Miner | Accompanied by 4 allies 18660 | -6/Data Miner | Discovered new exit (range 7) 18667 | -6/Data Miner | Met Data Miner 18679 | -6/Data Miner | Learned location of Section 7 (-2) 18679 | -6/Data Miner | Acquired the access code to Warlord's prototype stash 18683 | -6/Data Miner | Received God Mode back door access code from Data Miner 18726 | -6/Data Miner | Data Conduit disabled 18761 | -6/Data Miner | Lost 4 allies 18850 | -6/Data Miner | Found Prototype Device 18850 | -6/Data Miner | Identified Exp. Thermal Shield 18877 | -6/Data Miner | Entered Proximity Caves 18902 | -5/Proximity Caves | Spotted B-75 Beast 18910 | -5/Proximity Caves | Destroyed B-75 Beast 18981 | -5/Proximity Caves | Identified exit to Factory 19187 | -5/Proximity Caves | Destroyed 9 combat bots 19276 | -5/Proximity Caves | Received a Behemoth hack from an annoying Tinkerer 19303 | -5/Proximity Caves | Acquired the password to a Derelict Tinkerer's latest research 19341 | -5/Proximity Caves | Found Prototype Special Weapon 19341 | -5/Proximity Caves | Identified Molecular Deconstructor 19483 | -5/Proximity Caves | Caught by Unaware searching for contraband prototypes 19488 | -5/Proximity Caves | Caught by Unaware searching for contraband prototypes 19493 | -5/Proximity Caves | Reached level 24 19518 | -5/Proximity Caves | Destroyed 7 combat bots 19673 | -5/Proximity Caves | Entered Factory 19675 | -5/Factory | Loaded intel: 127 trap records 19676 | -5/Factory | Loaded intel: 26 terminal locations 19678 | -5/Factory | Discovered new exit (range 11) 19807 | -5/Factory | Upgraded with Propulsion slot (x1) 19896 | -5/Factory | Unchained authorized (DW-4LL) 19985 | -5/Factory | Garrison activated, responded to threat 20068 | -5/Factory | Fabricated Y-54 Guardian? 20091 | -5/Factory | DW-4LL burst out of a wall 20111 | -5/Factory | Core integrity fell below 50% 20111 | -5/Factory | Destroyed DW-4LL 20127 | -5/Factory | Found Prototype Device 20127 | -5/Factory | Identified Exp. Weapon Cycler 20130 | -5/Factory | Found Prototype Processor 20130 | -5/Factory | Identified Exp. Armor Integrity Analyzer 20132 | -5/Factory | Found Prototype Ballistic Gun 20132 | -5/Factory | Identified DW-4LL's Megashotty 20273 | -5/Factory | First assault squad dispatched 20462 | -5/Factory | Discovered new exit (range 18) 20525 | -5/Factory | Build established: Scavenger-Construct 20609 | -5/Factory | Reached level 25 20965 | -5/Factory | High security lockdown imminent 21045 | -5/Factory | High security lockdown engaged 21167 | -5/Factory | Discovered new exit (range 13) 21389 | -5/Factory | Destroyed 41 combat bots 21629 | -5/Factory | Destroyed 8 combat bots 21701 | -5/Factory | Destroyed 7 combat bots 21830 | -5/Factory | Destroyed 9 combat bots 21838 | -5/Factory | Reached level 26 21841 | -5/Factory | Sterilization system engaged 21841 | -5/Factory | Non-combat units ordered to evacuate 21913 | -5/Factory | Destroyed 13 combat bots 21941 | -5/Factory | Combat units ordered to evacuate 21963 | -5/Factory | Upgraded with Utility slot (x1) 22141 | -5/Factory | Ambient heat levels rising (+10) 22162 | -5/Factory | Identified exit to Factory 22252 | -5/Factory | Identified exit to Upper Caves 22291 | -5/Factory | Ambient heat levels rising (+10) 22441 | -5/Factory | Ambient heat levels rising (+10) 22514 | -5/Factory | Entered Upper Caves 22515 | -5/Upper Caves | Identified exit to Upper Caves 22731 | -5/Upper Caves | Destroyed 7 combat bots 22772 | -5/Upper Caves | Ambushed by wild Derelicts 22938 | -5/Upper Caves | Spotted B-75 Beast 22940 | -5/Upper Caves | Destroyed B-75 Beast 22968 | -5/Upper Caves | Learned location of 1 exit from Proximity Caves 23021 | -5/Upper Caves | Attracted the attention of an 0b10 checkpoint 23146 | -5/Upper Caves | Entered another Upper Caves area 23275 | -5/Upper Caves | Entered a destroyed Warlord outpost 23351 | -5/Upper Caves | Discovered new exit (range 10) 23370 | -5/Upper Caves | Identified exit to Zhirov 23695 | -5/Upper Caves | Entered Zhirov 23695 | -5/Zhirov | Discovered new exit (range 3) 23705 | -5/Zhirov | Met Zhirov 23716 | -5/Zhirov | Learned location of Command (-1) 23720 | -5/Zhirov | Zhirov requested help retrieving the SGEMP Prototype 23736 | -5/Zhirov | Found Alien Artifact 23736 | -5/Zhirov | Identified Transdimensional Reconstructor 23736 | -5/Zhirov | Warped through subspace 23755 | -5/Zhirov | Found Alien Artifact 23755 | -5/Zhirov | Identified Integrated Dissipator 23755 | -5/Zhirov | Installed Integrated Dissipator, increased core heat dissipation (+20) 23806 | -5/Zhirov | Identified exit to Proximity Caves 23807 | -5/Zhirov | Entered Proximity Caves 24045 | -4/Proximity Caves | Destroyed 9 combat bots 24074 | -4/Proximity Caves | Learned Research trap positions 24124 | -4/Proximity Caves | Attracted the attention of an 0b10 checkpoint 24382 | -4/Proximity Caves | Entered Factory 24382 | -4/Factory | Accompanied by 2 allies 24384 | -4/Factory | Reached level 27 24559 | -4/Factory | Unchained authorized (CL-0N3) 24570 | -4/Factory | Garrison activated, responded to threat 24635 | -4/Factory | Destroyed 11 combat bots 24773 | -4/Factory | S-27 Virus reconstituted as Alpha 7 24783 | -4/Factory | Spotted Alpha 7 24797 | -4/Factory | Destroyed Alpha 7 24797 | -4/Factory | Alpha 7 reconstituted as CL-0N3 24882 | -4/Factory | First assault squad dispatched 24980 | -4/Factory | Destroyed 10 combat bots 25035 | -4/Factory | R-10 Processor reconstituted as Alpha 7 25035 | -4/Factory | Spotted Alpha 7 25037 | -4/Factory | Destroyed Alpha 7 25037 | -4/Factory | Alpha 7 reconstituted as CL-0N3 25039 | -4/Factory | Destroyed CL-0N3 25045 | -4/Factory | Extracted schematics, analyses from CL-0N3's data core 25049 | -4/Factory | Found Prototype Hover Unit 25049 | -4/Factory | Identified CL-0N3's Metamass Displacer 25070 | -4/Factory | Reached level 28 25078 | -4/Factory | High security lockdown imminent 25103 | -4/Factory | Destroyed 16 combat bots 25158 | -4/Factory | High security lockdown engaged 25163 | -4/Factory | Found Quantum Capacitor 25337 | -4/Factory | Build established: Scavenger-Gunner 25377 | -4/Factory | Discovered new exit (range 5) 25401 | -4/Factory | Identified exit to Research 25634 | -4/Factory | Discovered new exit (range 4) 25697 | -4/Factory | Sterilization system engaged 25697 | -4/Factory | Non-combat units ordered to evacuate 25734 | -4/Factory | Destroyed 58 combat bots 25797 | -4/Factory | Combat units ordered to evacuate 25825 | -4/Factory | Destroyed 16 combat bots 25871 | -4/Factory | Destroyed 9 combat bots 25886 | -4/Factory | Reached level 29 25887 | -4/Factory | Upgraded with Utility slot (x1) 25893 | -4/Factory | Discovered exit to Research (range 8) 25982 | -4/Factory | Discovered new exit (range 6) 25983 | -4/Factory | Identified exit to Upper Caves 25997 | -4/Factory | Ambient heat levels rising (+10) 26050 | -4/Factory | Build established: Scavenger-Sprinter 26070 | -4/Factory | Entered Upper Caves 26152 | -4/Upper Caves | Destroyed 11 combat bots 26161 | -4/Upper Caves | Identified exit to Upper Caves 26213 | -4/Upper Caves | Attacked by a delusional Derelict stockpiling parts 26366 | -4/Upper Caves | Destroyed 13 combat bots 26541 | -4/Upper Caves | Entered another Upper Caves area 26547 | -4/Upper Caves | Discovered exit to Research (range 9) 26551 | -4/Upper Caves | Learned location of 1 exit from Research 26557 | -4/Upper Caves | Found DCF Scrap (13 items) 26576 | -4/Upper Caves | Attracted the attention of an 0b10 base 26590 | -4/Upper Caves | Learned location of 1 exit from Research 26590 | -4/Upper Caves | Learned Armory trap positions 26590 | -4/Upper Caves | Learned Extension stockpile data 26608 | -4/Upper Caves | Destroyed 7 combat bots 26662 | -4/Upper Caves | Attracted the attention of an 0b10 checkpoint 26792 | -4/Upper Caves | Discovered new exit (range 5) 26797 | -4/Upper Caves | Ambushed by research squad 26835 | -4/Upper Caves | Encountered a Warlord checkpoint 26906 | -4/Upper Caves | Identified exit to Warlord 26923 | -4/Upper Caves | Entered Warlord 26933 | -4/Warlord | Discovered new exit (range 8) 26965 | -4/Warlord | Opened side exit 26971 | -4/Warlord | Attacked by Warlord forces 26992 | -4/Warlord | Spotted QR-YLU(g) 26994 | -4/Warlord | Destroyed QR-YLU(g) 27029 | -4/Warlord | Spotted NH-GGO(B) 27031 | -4/Warlord | Spotted XV-0LN(B) 27035 | -4/Warlord | Destroyed NH-GGO(B) 27042 | -4/Warlord | Destroyed XV-0LN(B) 27075 | -4/Warlord | Destroyed 7 combat bots 27132 | -4/Warlord | Warlord's base attacked by MAIN.C 27207 | -4/Warlord | Spotted LX-O99(K) 27212 | -4/Warlord | Spotted FX-MB7(K) 27227 | -4/Warlord | Destroyed Fake God Mode 27236 | -4/Warlord | Destroyed FX-MB7(K) 27257 | -4/Warlord | Destroyed 22 combat bots 27262 | -4/Warlord | Destroyed Warlord 27279 | -4/Warlord | Destroyed LX-O99(K) 27364 | -4/Warlord | Destroyed 9 combat bots 27482 | -4/Warlord | Warlord forces counterattacked 27489 | -4/Warlord | Spotted B-90 Cyclops 27494 | -4/Warlord | Destroyed B-90 Cyclops 27496 | -4/Warlord | Spotted B-86 Titan 27498 | -4/Warlord | Destroyed B-86 Titan 27579 | -4/Warlord | Spotted Executioner 27605 | -4/Warlord | Destroyed 8 combat bots 27607 | -4/Warlord | Destroyed Executioner 27611 | -4/Warlord | Spotted Executioner 27619 | -4/Warlord | Destroyed Executioner 27653 | -4/Warlord | Destroyed 9 combat bots 27707 | -4/Warlord | Spotted Striker 27712 | -4/Warlord | Destroyed Striker 27715 | -4/Warlord | Found Prototype Processor 27715 | -4/Warlord | Identified Exp. Core Analyzer 27792 | -4/Warlord | Spotted Executioner 27794 | -4/Warlord | Destroyed Executioner 27807 | -4/Warlord | Warlord base infiltrated, sounded retreat 27810 | -4/Warlord | Spotted Striker 27828 | -4/Warlord | Destroyed Striker 27845 | -4/Warlord | Spotted Executioner 27854 | -4/Warlord | Destroyed 21 combat bots 27872 | -4/Warlord | Destroyed Executioner 27876 | -4/Warlord | Spotted Executioner 27878 | -4/Warlord | Destroyed Executioner 27927 | -4/Warlord | Destroyed 12 combat bots 27942 | -4/Warlord | Spotted Striker 27950 | -4/Warlord | Destroyed Striker 27972 | -4/Warlord | Spotted Executioner 27989 | -4/Warlord | Destroyed Executioner 28010 | -4/Warlord | Destroyed 11 combat bots 28038 | -4/Warlord | Spotted Striker 28042 | -4/Warlord | Destroyed Striker 28070 | -4/Warlord | Destroyed 8 combat bots 28073 | -4/Warlord | Spotted Executioner 28096 | -4/Warlord | Destroyed Executioner 28135 | -4/Warlord | Spotted Executioner 28137 | -4/Warlord | Destroyed Executioner 28164 | -4/Warlord | Destroyed 12 combat bots 28206 | -4/Warlord | Spotted Striker 28218 | -4/Warlord | Spotted Executioner 28223 | -4/Warlord | Reached level 30 28225 | -4/Warlord | Destroyed Executioner 28252 | -4/Warlord | Destroyed Striker 28288 | -4/Warlord | Destroyed 25 combat bots 28325 | -4/Warlord | Found Prototype Device 28325 | -4/Warlord | Identified Adv. Kinecellerator 28338 | -4/Warlord | Destroyed 9 combat bots 28394 | -4/Warlord | Spotted Striker 28399 | -4/Warlord | Destroyed Striker 28418 | -4/Warlord | Spotted Executioner 28423 | -4/Warlord | Destroyed Executioner 28431 | -4/Warlord | Spotted Striker 28450 | -4/Warlord | Destroyed Striker 28483 | -4/Warlord | Spotted Striker 28485 | -4/Warlord | Destroyed Striker 28573 | -4/Warlord | Destroyed 36 combat bots 28588 | -4/Warlord | Found Prototype Energy Gun 28588 | -4/Warlord | Identified Vortex Shotgun 28591 | -4/Warlord | Found Prototype Energy Cannon 28591 | -4/Warlord | Identified Vortex Driver 28593 | -4/Warlord | Found Prototype Energy Gun 28593 | -4/Warlord | Identified Vortex Rail 28597 | -4/Warlord | Found Prototype Launcher 28597 | -4/Warlord | Identified Vortex Catalyst Activator 28685 | -4/Warlord | Destroyed 8 combat bots 28795 | -4/Warlord | Spotted Striker 28799 | -4/Warlord | Spotted Striker 28800 | -4/Warlord | Destroyed Striker 28804 | -4/Warlord | Destroyed Striker 28830 | -4/Warlord | Destroyed 7 combat bots 28843 | -4/Warlord | Spotted Striker 28845 | -4/Warlord | Spotted Striker 28885 | -4/Warlord | Destroyed Striker 28885 | -4/Warlord | Core integrity fell below 50% 28894 | -4/Warlord | Destroyed Striker 29026 | -4/Warlord | Spotted Executioner 29031 | -4/Warlord | Destroyed Executioner 29076 | -4/Warlord | Found Corrupted Prototype Ballistic Cannon 29092 | -4/Warlord | Destroyed 20 combat bots 29997 | -4/Warlord | Found Prototype Device 29997 | -4/Warlord | Identified Exp. Phase Shifter 30001 | -4/Warlord | Found Prototype Processor 30001 | -4/Warlord | Identified Spectral Analyzer 30209 | -4/Warlord | Identified exit to Proximity Caves 30209 | -4/Warlord | Entered Proximity Caves 30214 | -3/Proximity Caves | Attracted the attention of an 0b10 checkpoint 30282 | -3/Proximity Caves | Attracted the attention of an 0b10 outpost 30370 | -3/Proximity Caves | Spotter reported a threat 30403 | -3/Proximity Caves | Destroyed 7 combat bots 30433 | -3/Proximity Caves | Spotted B-86 Titan 30439 | -3/Proximity Caves | Destroyed B-86 Titan 30460 | -3/Proximity Caves | Discovered exit to Research (range 13) 30594 | -3/Proximity Caves | Entered Research 30595 | -3/Research | Identified exit to Armory 30595 | -3/Research | Identified exit to Research 30596 | -3/Research | Loaded intel: 54 trap records 30596 | -3/Research | Reached level 31 30647 | -3/Research | Spotted B-86 Titan 30651 | -3/Research | Destroyed B-86 Titan 30807 | -3/Research | Unchained authorized (6S-H0T) 31057 | -3/Research | Spotted B-86 Titan 31088 | -3/Research | Core integrity fell below 50% 31094 | -3/Research | First assault squad dispatched 31095 | -3/Research | Destroyed B-86 Titan 31117 | -3/Research | Discovered new exit (range 12) 31146 | -3/Research | Destroyed 11 combat bots 31193 | -3/Research | Discovered exit to Research (range 8) 31218 | -3/Research | Destroyed 9 combat bots 31338 | -3/Research | Core integrity fell below 20% 31434 | -3/Research | Destroyed 9 combat bots 31504 | -3/Research | High security lockdown imminent 31584 | -3/Research | High security lockdown engaged 31607 | -3/Research | Spotted Executioner 31624 | -3/Research | Destroyed Executioner 31638 | -3/Research | Garrison activated, responded to threat 31673 | -3/Research | Self-destructed Last Messages --------------- 31656_ Used Protomatter to restore core integrity (+132, depleted) 31657_ Slug penetrates B-74 Champion. 31659_ Acquired Mic. Antimatter Reactor. 31661_ Slug penetrates B-74 Champion. 31661_ B-74 Champion destroyed. 31661_ Switching to secondary target: L-61 Swordsman. 31661_ Slug penetrates L-61 Swordsman. 31664_ L-61 Swordsman destroyed. 31666_ Acquired 141 matter. 31667_ Scrap Engine modifies Hpw. Energy Gamma Construct/G: Shot Heat +7, Disruption +1, Min Damage +7, Range +2, Energy Cost +48, Max Damage +7 Renamed Hpw. EM Proton Construct/C. 31667_ Acquired 85 matter. 31669_ Acquired 2 matter. 31671_ C-45 Heavy ARC bursts open, deploying its payload. 31671_ G-73 Enforcer unfolds itself. 31671_ L-61 Swordsman unfolds itself. 31671_ G-67 Veteran unfolds itself. 31671_ I-47 Archangel unfolds itself. Map ----- +----------------------------------------------------+ | ?????????????????????????????????????????????????? | | ?????????????????????????????????????????????????? | | ?????????????????????????????????????????????????? | | ?????????????????????????????????????????????????? | | ?????????????????????????????????????????????????? | | ?????????????????????????????????????????????????? | | ?????????????????????????????????????????????????? | | ????????????????????????#????????????????????????? | | ???????????????????????? ????????????????????????? | | ???????????????????????# ????????????????????????? | | ???????????????????????# ????????????????????????? | | ??????????????????????##;########????????????????? | | ???????????##########?# ! = #????????????????? | | ???????????# #?# ! #????????????????? | | ???????????# !=!#?# """ |#????????????????? | | ???????????# == #?# """ #????????????????? | | ???????????# == #?# "" #????????????????? | | ???????????# #?# #????????????????? | | ??#????????# #?# ! #????????????????? | | ??# ???? !# #?# #????????????"???? | | ??#! ?? ; ####;;;;#####????????????"???? | | ??# " ; ##/ #???????????????? ???? | | ??# "" = ;;;;;[!!=##%* #???????????????? ???? | | ??# G "%+ %%=!%*%== ! #????????????????/???? | | ??# "" [ # ! [!%!!=!! ###?########????? ???? | | ??# " ??########"##!!!@ ; #?# #?????#+#?? | | ??# ???????# ;!!%=* # #?# ! #?????# #?? | | ??# ?????????# ###! ###???# #?????# #?? | | ??#???????????# ##; !#?????# = ]#?????# #?? | | ??????????????# ##;lg#?????# #?????# #?? | | ??????????????# ##gg[#??????? ????### ### | | ??????????????# ###*i##########+####### | | ??????????????########?#[[% = | | ???????????????????????# =%* | | ???????????????????????##;##""######+####### | | ????????????????????????# ####??? ????####### | | ????????????????????????# ##?????# = #????????? | | ????????????????????????###??????# #????????? | | ?????????????????????????????????# !! #????????? | | ?????????????????????????????????# !! #????????? | | ?????????????????????????????????# ! #????????? | | ?????????????????????????????????########????????? | | ????????????????????????????????????????????????? | | ???????????????????????????????????????????????? | | ???????????????????????????????????????????????? ? | | ??????????????????????????????????????????????? !? | | ??????????????????????????????????????????????##?? | | ?????????????????????????????????????????????????? | | ??????????????????????????????^??????????????????? | | ?????????????????????????????????????????????????? | +----------------------------------------------------+ Best States ------------- Heat Dissipation 179 Energy Generation 56 Energy Capacity 990 Matter Stores 300 Matter Capacity 300 Sight Range 19 Robot Scan Range 20 Terrain Scan Range 16 Terrain Scan Density 10 Jamming Range 16 Armor Coverage 1600 Resistance: TH 30 Resistance: EX 25 Resistance: EM 90 Weapon Shielding 100 Weapon Cycling 30 Evasion (%) 65 Targeting Accuracy 12 Core Analysis 8 Armor Integrity Analysis 50 Recoil Reduction 6 Matter Filtering 30 Particle Charging 25 Kinecelleration 50 Offensive Hacking 5 Defensive Hacking 5 Item Schematics ----------------- Imp. Deuterium Engine | -7/Factory | Extracted Chainsword | -7/Zion | Archive Plasma Rifle | -7/Zion | Archive System Guard | -7/Zion | Archive Coolant Injector | -7/Zion | Archive Phase Shifter | -7/Zion | Archive Adv. Assault Cannon | -7/Zion | Archive Adv. Field Recycling Unit | -7/Zion | Archive Lance | -7/Zion | Archive Imp. Melee Analysis Suite | -7/Zion | Archive System Restoration Module | -7/Zion | Archive Drone Bay | -7/Zion | Archive Fusion Compressor | -7/Zion | Archive Lrn. Phase Cannon | -7/Zion | Archive Combat Drone Bay | -6/Data Miner | Free Lgt. Regenerative Plating | -6/Data Miner | Free Imp. Thermal Defense Suite | -6/Data Miner | Free Cld. Gravmag System | -6/Data Miner | Free Imp. KE Penetrator | -6/Data Miner | Free Imp. Gyrokinetic Inverter | -6/Data Miner | Free Imp. Armor Integrity Analyzer | -6/Data Miner | Free Hvy. Disruptor Cannon | -6/Data Miner | Free Lgt. Antimatter Reactor | -6/Data Miner | Free Lgt. Particle Reactor | -6/Data Miner | Free Assault Drone Bay | -5/Zhirov | Free Exp. Heat Sink | -5/Zhirov | Free Imp. Arc Thrower | -5/Zhirov | Free Exp. Optical Array | -5/Zhirov | Free Robot Schematics ------------------ R-06 Scavenger | -7/Zion | Archive L-31 Rogue | -7/Zion | Archive L-41 Fighter | -7/Zion | Archive R-10 Processor | -6/Data Miner | Free B-48 Gladiator | -6/Data Miner | Free M-22 Extractor | -6/Data Miner | Free Y-54 Guardian | -6/Data Miner | Free K-01 Serf | -4/Factory | Archive T-07 Excavator | -4/Factory | Archive A-02 Transporter | -4/Factory | Archive A-15 Conveyor | -4/Factory | Archive M-14 Sweeper | -4/Factory | Archive M-30 Cleanser | -4/Factory | Archive M-13 Machinist | -4/Factory | Archive M-28 Smith | -4/Factory | Archive M-36 Artificer | -4/Factory | Archive O-16 Technician | -4/Factory | Archive O-24 Administrator | -4/Factory | Archive O-32 Director | -4/Factory | Archive W-16 Scout | -4/Factory | Archive W-25 Informer | -4/Factory | Archive W-44 Eye | -4/Factory | Archive S-10 Pest | -4/Factory | Archive S-27 Virus | -4/Factory | Archive S-43 Plague | -4/Factory | Archive G-34 Mercenary | -4/Factory | Archive G-47 Trooper | -4/Factory | Archive G-50 Soldier | -4/Factory | Archive G-67 Veteran | -4/Factory | Archive G-73 Enforcer | -4/Factory | Archive B-36 Bruiser | -4/Factory | Archive B-60 Warrior | -4/Factory | Archive B-74 Champion | -4/Factory | Archive L-61 Swordsman | -4/Factory | Archive Y-45 Defender | -4/Factory | Archive Y-64 Sentinel | -4/Factory | Archive Y-72 Warden | -4/Factory | Archive D-53 Grenadier | -4/Factory | Archive D-63 Destroyer | -4/Factory | Archive D-83 Annihilator | -4/Factory | Archive X-57 Shotgunner | -4/Factory | Archive X-62 Marksman | -4/Factory | Archive X-67 Chaingunner | -4/Factory | Archive X-72 Disruptor | -4/Factory | Archive X-77 Beamer | -4/Factory | Archive X-82 Rainmaker | -4/Factory | Archive X-87 Electro | -4/Factory | Archive H-55 Commando | -4/Factory | Archive H-66 Slayer | -4/Factory | Archive H-77 Assassin | -4/Factory | Archive H-88 Terminator | -4/Factory | Archive P-60 Hacker | -4/Factory | Archive P-70 Sage | -4/Factory | Archive P-80 Master | -4/Factory | Archive Fabricated ------------ Y-54 Guardian | x2 | -5/Factory Repaired ---------- Nothing Studied --------- None Alien Tech Used ----------------- Transdimensional Reconstructor Integrated Dissipator Achievements -------------- None Challenges ------------ None RPGLIKE | -11 -10 -10 -9 -9 -9 -7 -7 -7 -7 -7 -7 -7 -6 -6 -6 -6 -6 -6 -6 -5 -5 -5 -5 -5 -4 -4 -4 -4 -4 -3 -3 --------- Run | Yrd Mat Min Mat Sto Rec Fac Was Fac Low Low Zio Dee Pro Fac Was Fac Low Low Dat Pro Fac Upp Upp Zhi Pro Fac Upp Upp War Pro Res Levels Raised 30 | . 3 1 4 1 . 6 . 2 . . . 1 . 2 . 2 . . . 1 2 . . . . 3 . . 1 . 1 XP Earned 49308 | 3000 5480 883 5699 2066 711 8599 67 2750 329 311 82 278 918 2777 32 2458 176 200 50 656 3121 159 108 50 780 3266 229 160 1816 515 1582 XP Spent 46360 | 2960 2400 3550 5160 1950 415 8120 . 3400 . . . 2000 . 1400 1250 2700 . . . . 4700 . . . . 4500 . . 1855 . . Upgrades 78 | 10 3 4 9 3 6 13 . 5 . . . 10 . 1 1 3 . . . . 4 . . . . 3 . . 3 . . Power Slot 1 | . . . . . . 1 . . . . . . . . . . . . . . . . . . . . . . . . . Propulsion Slot 5 | 1 1 . 1 . . 1 . . . . . . . . . . . . . . 1 . . . . . . . . . . Utility Slot 9 | 1 1 1 1 . . 2 . . . . . . . . . 1 . . . . 1 . . . . 1 . . . . . Weapon Slot 4 | 1 1 . . 1 . . . . . . . . . 1 . . . . . . . . . . . . . . . . . Core Integrity 14 | . . . . . 5 2 . . . . . 6 . . . . . . . . . . . . . . . . 1 . . Heat Dissipation 16 | 3 . . 4 . 1 4 . . . . . 4 . . . . . . . . . . . . . . . . . . . Energy Generation 2 | . . . . 2 . . . . . . . . . . . . . . . . . . . . . . . . . . . Mass Support 3 | 1 . 2 . . . . . . . . . . . . . . . . . . . . . . . . . . . . . Inventory Capacity 5 | 2 . 1 1 . . . . . . . . . . . 1 . . . . . . . . . . . . . . . . Sight Range 3 | . . . . . . . . . . . . . . . . 2 . . . . . . . . . 1 . . . . . Ranged Accuracy 6 | 1 . . 2 . . 1 . . . . . . . . . . . . . . . . . . . . . . 2 . . Hack Attack % 1 | . . . . . . . . . . . . . . . . . . . . . 1 . . . . . . . . . . Hack Defense % 1 | . . . . . . . . . . . . . . . . . . . . . 1 . . . . . . . . . . KI Damage % 4 | . . . . . . 2 . 2 . . . . . . . . . . . . . . . . . . . . . . . TH Damage % 4 | . . . . . . . . 3 . . . . . . . . . . . . . . . . . 1 . . . . . Protomatter Created 25525 | . 657 . 270 371 172 1114 . 1559 253 374 156 1778 339 1066 . 2142 375 501 159 300 2828 401 156 35 465 2773 235 344 4470 474 1758 Integrity Restored 36208 | . 628 96 642 443 129 2655 . 2243 759 838 378 2184 383 2005 255 3292 141 245 724 534 4568 120 120 87 380 2897 187 308 4651 1077 3239 Core 28965 | . 492 77 447 269 60 2017 . 1823 759 605 372 1946 291 1423 8 2573 106 204 617 468 3612 84 94 87 298 2090 149 239 3758 1077 2920 Parts 7243 | . 136 19 195 174 69 638 . 420 . 233 6 238 92 582 247 719 35 41 107 66 956 36 26 . 82 807 38 69 893 . 319 Protomatter Decayed 9166 | . 218 . 200 197 231 118 . 503 . 50 . 700 99 569 353 559 149 370 91 85 508 198 179 . 264 982 161 177 1900 54 251 Game ------ Seed CoilBattleKatana Manual? 0 Play Time 06:39:11 Cumulative 514.5 hours Start 2025.12.25 @ 09:27:08 End 2025.12.28 @ 15:26:04 Sessions 13 Manual Loads 0 Difficulty Rogue Special Mode Winter2019/RPGLIKE Game No. 191 Rogue 37 Adventurer 154 Explorer 0 Win Type - Total 20 Types 4/4/3/3/2/1/0/1/1/1 Lore% 94 Gallery% 86 Achievement% 61 Wizard Run 0 Options --------- Layout 0 ASCII 0 Keyboard 0 Movement Numpad Keybinds 0 Fullscreen 2 Font 18/SmallcapsGlow Map View 76x50 Zoom Use 0% Tactical HUD 1 Map Filters NONE Filters NONE Steam 1 RUN: b9718ea6-d171-4597-ad74-21875481219c